 Dungeon Crawl Stone Soup version 0.25.1-2-g60ff931df9 (webtiles) character file.

Game seed: 14801122512020046120

1175133 DildoBatman the Petrodigitator (level 27, -11/242 HPs)
             Began as a Formicid Wizard on Sept 23, 2020.
             Was an Initiate of Gozag.
             Killed from afar by a Brimstone Fiend (44 damage)
             ... with damnation
             ... on level 24 of a ziggurat on Sept 24, 2020.
             The game lasted 05:17:46 (68930 turns).

DildoBatman the Petrodigitator (Formicid Wizard)   Turns: 68930, Time: 05:17:47

Health: -11/242    AC: 35    Str: 18    XL:     27
Magic:  2/64       EV: 30    Int: 54    God:    Gozag
Gold:   30186      SH: 34    Dex: 16    Spells: 9/78 levels left

rFire    . . .     SeeInvis +   b - +6 Majin-Bo {vamp, Archmagi MP+6 Int+6}
rCold    + . .     Gourm    .   s - +8 tower shield {AC+3}
rNeg     + + +     Faith    .   o - +4 troll leather armour
rPois    ∞         Spirit   .   (helmet unavailable)
rElec    .         Reflect  .   Z - +2 cloak of the Thief {+Fog Slay-2 SInv Stlth+}
rCorr    +         Harm     .   K - +2 pair of gloves {Dex+3}
MR       +++..                  J - +2 pair of boots
Stlth    +++++++++.             m - amulet "Qilo" {RegenMP rPois Int+5}
HPRegen  0.90/turn              Q - ring of Syarr {rPois Int+6 Dex+4}
MPRegen  0.64/turn              P - ring of Igatwi {rCorr Str+2 Int+6}

@: lich-form, tornado, gold aura, flying (expiring), studying 3 skills
A: permanent stasis, dig shafts and tunnels, four strong arms, antennae 3, fangs
1, clever 1, high mp 1, shaggy fur 1, strong 1
}: 4/15 runes: decaying, serpentine, silver, golden
a: Dig, Shaft Self, End Transformation, Potion Petition, Call Merchant, Bribe
Branch, Renounce Religion, Evoke Fog


You were on level 24 of a ziggurat.
You worshipped Gozag.
Gozag was extremely pleased with you.
You were not hungry.
You were a lich.
You visited 10 branches of the dungeon, and saw 46 of its levels.
You visited 3 ziggurats (completing 2), and saw 78 of their levels.
You also visited: Bailey, Gauntlet, Ice Cave and Volcano.

You collected 81460 gold pieces.
You spent 6378 gold pieces at shops.
You paid 44896 gold pieces to Gozag.

Inventory:

Hand Weapons
 b - the +6 Majin-Bo (weapon) {vamp, Archmagi MP+6 Int+6}
   (You found it on level 22 of a ziggurat)

   It inflicts no extra harm, but heals its wielder when it wounds a living foe.
   It affects your intelligence (+6).
   It affects your magic capacity (+6).
 c - the +0 falchion "Wuzeboas" {venom, +Blink +Inv rF+++ Str-4}
   (You took it off a deep elf mage on level 5 of the Vaults)

   It poisons the flesh of those it strikes.
   It affects your strength (-4).
   It renders you almost immune to fire.
   It lets you turn invisible.
   It lets you blink.
 d - the +10 lance "Wyrmbane" {slay drac, rPois rF+ rC+ AC+3}
   (You found it on level 26 of a ziggurat)

   It affects your AC (+3).
   It protects you from fire.
   It protects you from cold.
   It protects you from poison.
 e - the +5 great sword of the Extremely Mad {venom, Dex+7}
   (You found it on level 13 of a ziggurat)

   It poisons the flesh of those it strikes.
   It affects your dexterity (+7).
 f - the +10 dark maul {vorpal}
   (You found it on level 9 of a ziggurat)

   It inflicts extra damage upon your enemies.
Missiles
 B - 9 throwing nets (quivered)
 H - 173 silver javelins
Armour
 o - a +4 troll leather armour (worn)
 s - a +8 tower shield of protection (worn)
 C - the +1 cloak of Starlight {rElec rC+ EV+4 Stlth--}
   (You bought it in a shop on level 3 of the Tomb of the Ancients)

   It affects your evasion (+4).
   It protects you from cold.
   It insulates you from electricity.
   It makes you much less stealthy.
 J - a +2 pair of boots (worn)
 K - a +2 pair of gloves of dexterity (worn)
 Z - the +2 cloak of the Thief (worn) {+Fog Slay-2 SInv Stlth+}
   (You found it on level 19 of a ziggurat)

   It affects your accuracy and damage with ranged weapons and melee attacks
   (-2).
   It lets you see invisible.
   It makes you more stealthy.
Magical Staves
 a - an uncursed staff of energy
Jewellery
 m - the amulet "Qilo" (around neck) {RegenMP rPois Int+5}
   (You bought it in a shop on level 3 of the Tomb of the Ancients)

   [amulet of magic regeneration]

   It increases your magic regeneration.
   It affects your intelligence (+5).
   It protects you from poison.
 r - the ring "Fuidyalo" {+Fly rF+ Dex+4 Stlth+}
   (You took it off a deep elf annihilator on level 3 of the Elven Halls)

   [ring of protection from fire]

   It affects your dexterity (+4).
   It protects you from fire.
   It lets you fly.
   It makes you more stealthy.
 F - the ring of Phasing {EV+8}
   (You found it on level 10 of a ziggurat)

   [ring of evasion]

   It affects your evasion (+8).
 P - the ring of Igatwi (right hand) {rCorr Str+2 Int+6}
   (You took it off a yaktaur on level 2 of the Vaults)

   [ring of resist corrosion]

   It affects your strength (+2).
   It affects your intelligence (+6).
   It provides partial protection from all sources of acid and corrosion.
 Q - the ring of Syarr (left hand) {rPois Int+6 Dex+4}
   (You found it on level 19 of a ziggurat)

   [ring of intelligence]

   It affects your intelligence (+6).
   It affects your dexterity (+4).
   It protects you from poison.
 T - the ring of Irrepressible Laughter {*Tele Dex+7}
   (You found it in a Gauntlet)

   [ring of teleportation]

   It may teleport you next to monsters.
   It affects your dexterity (+7).
 V - the ring "Jurghasu" {rF+ rN+ MR+ Dex+5}
   (You found it on level 20 of a ziggurat)

   [ring of positive energy]

   It affects your dexterity (+5).
   It protects you from fire.
   It protects you from negative energy.
   It affects your resistance to hostile enchantments.
Wands
 w - a wand of iceblast (59)
 A - a wand of acid (16)
 I - a wand of clouds (9)
Scrolls
 i - 13 scrolls of immolation
 j - 47 scrolls of fog
 l - 32 scrolls of enchant armour
 n - 2 scrolls of summoning
 q - a scroll of acquirement
 x - 44 scrolls of remove curse
 z - 21 scrolls of identify
 N - 11 scrolls of amnesia
 O - 12 scrolls of holy word
 U - a scroll of torment
Potions
 g - 25 potions of heal wounds
 h - 19 potions of curing
 k - 10 potions of cancellation
 p - 5 potions of magic
 t - 3 potions of invisibility
 u - 8 potions of mutation
 E - 6 potions of resistance
 G - 18 potions of brilliance
 M - 7 potions of ambrosia
 Y - 6 potions of might
Books
 D - a manual of Long Blades
 R - a manual of Bows
 S - a manual of Ice Magic
Miscellaneous
 y - 41 boxes of beasts
 L - 34 phantom mirrors
Comestibles
 v - 58 rations


   Skills:
 * Level 25.4 Fighting
 - Level 13.7 Throwing
 O Level 27 Armour
 * Level 22.9 Dodging
 O Level 27 Stealth
 O Level 27 Shields
 * Level 26.0 Spellcasting
 - Level 6.0 Conjurations
 - Level 10.0 Hexes
 - Level 6.0 Charms
 - Level 10.0 Summonings
 - Level 19.0 Necromancy
 - Level 0.8 Translocations
 - Level 19.0 Transmutations
 - Level 5.0 Fire Magic
 * Level 21.6 Ice Magic
 O Level 27 Air Magic
 O Level 27 Earth Magic
 * Level 16.2 Evocations


You had 9 spell levels left.
You knew the following spells:

 Your Spells              Type           Power        Failure   Level  Hunger
a - Borgnjor's Vile Clut  Necr/Erth      #########.   0%          5    N/A
b - Shatter               Erth           #########.   1%          9    N/A
c - Tornado               Air            #########.   1%          9    N/A
d - Necromutation         Tmut/Necr      #########.   1%          8    N/A
e - Bolt of Magma         Conj/Fire/Erth ########..   1%          5    N/A
f - Absolute Zero         Ice            #########.   1%          9    N/A
g - Ozocubu's Armour      Chrm/Ice       ########     0%          3    N/A
h - Darkness              Hex            ########..   1%          6    N/A
i - Aura of Abjuration    Summ           ########..   1%          5    N/A
j - Death's Door          Chrm/Necr      #########.   5%          8    N/A
z - Shroud of Golubria    Chrm/Tloc      ######       1%          2    N/A

Your spell library contained the following spells:

 Spells                   Type           Power        Failure   Level  Hunger
 Animate Skeleton         Necr           N/A          0%          1    N/A
 Beastly Appendage        Tmut           ######       0%          1    N/A
 Corona                   Hex            #######      0%          1    N/A
 Foxfire                  Conj/Fire      ####         0%          1    N/A
 Freeze                   Ice            ####         0%          1    N/A
 Infusion                 Chrm           ####         0%          1    N/A
 Magic Dart               Conj           ####         0%          1    N/A
 Pain                     Necr           ####         0%          1    N/A
 Sandblast                Erth           ######       0%          1    N/A
 Shock                    Conj/Air       ####         0%          1    N/A
 Sting                    Tmut/Pois      ####         0%          1    N/A
 Summon Butterflies       Summ           ########     0%          1    N/A
 Summon Small Mammal      Summ           ####         0%          1    N/A
 Call Imp                 Summ           ########     0%          2    N/A
 Corpse Rot               Necr/Air       N/A          0%          2    N/A
 Ensorcelled Hibernation  Hex/Ice        ######       0%          2    N/A
 Passwall                 Tmut/Erth      ########     0%          2    N/A
 Poisonous Vapours        Pois/Air       ######       0%          2    N/A
 Slow                     Hex            ########     0%          2    N/A
 Sticks to Snakes         Tmut           ########     0%          2    N/A
 Sublimation of Blood     Necr           #########.   0%          2    N/A
 Call Canine Familiar     Summ           ########     0%          3    N/A
 Confusing Touch          Hex            ########     0%          3    N/A
 Dazzling Flash           Conj/Hex       ######       0%          3    N/A
 Frozen Ramparts          Ice            ######       0%          3    N/A
 Ignite Poison            Fire/Tmut/Pois ########     0%          3    N/A
 Mephitic Cloud           Conj/Pois/Air  ########     0%          3    N/A
 Spectral Weapon          Hex/Chrm       ########     0%          3    N/A
 Spider Form              Tmut/Pois      ########..   0%          3    N/A
 Static Discharge         Conj/Air       ########     0%          3    N/A
 Stone Arrow              Conj/Erth      ######       0%          3    N/A
 Summon Guardian Golem    Hex/Summ       ########     0%          3    N/A
 Tukima's Dance           Hex            ########     0%          3    N/A
 Vampiric Draining        Necr           #########.   0%          3    N/A
 Airstrike                Air            #########.   0%          4    N/A
 Animate Dead             Necr           N/A          0%          4    N/A
 Dispel Undead            Necr           ########     0%          4    N/A
 Hailstorm                Conj/Ice       ########     0%          4    N/A
 Ice Form                 Ice/Tmut       ########     0%          4    N/A
 Leda's Liquefaction      Hex/Erth       #########.   0%          4    N/A
 Petrify                  Tmut/Erth      ########     0%          4    N/A
 Summon Ice Beast         Ice/Summ       ########     0%          4    N/A
 Summon Lightning Spire   Summ/Air       ########     0%          4    N/A
 Agony                    Necr           ########     0%          5    N/A
 Blade Hands              Tmut           #########.   0%          5    N/A
 Lee's Rapid Deconstruct  Erth           #########.   0%          5    N/A
 Lightning Bolt           Conj/Air       #########.   0%          5    N/A
 Metabolic Englaciation   Hex/Ice        #########.   0%          5    N/A
 Silence                  Hex/Air        #########.   0%          5    N/A
 Yara's Violent Unravell  Hex/Tmut       ########..   0%          5    N/A
 Death Channel            Necr           #########.   0%          6    N/A
 Freezing Cloud           Conj/Ice/Air   #########.   0%          6    N/A
 Hydra Form               Tmut           #########.   0%          6    N/A
 Ozocubu's Refrigeration  Ice            #########.   0%          6    N/A
 Simulacrum               Ice/Necr       #########.   0%          6    N/A
 Statue Form              Tmut/Erth      #########    0%          6    N/A
 Apportation              Tloc           ######       1%          1    N/A
 Searing Ray              Conj           ######       1%          2    N/A
 Song of Slaying          Chrm           ########     1%          2    N/A
 Conjure Flame            Conj/Fire      ########     1%          3    N/A
 Gell's Gravitas          Tloc           #######...   1%          3    N/A
 Inner Flame              Hex/Fire       ########     1%          3    N/A
 Lesser Beckoning         Tloc           #######...   1%          3    N/A
 Portal Projectile        Hex/Tloc       ######       1%          3    N/A
 Recall                   Summ/Tloc      N/A          1%          3    N/A
 Teleport Other           Tloc           #######.     1%          3    N/A
 Cause Fear               Hex            ########..   1%          4    N/A
 Fulminant Prism          Conj/Hex       ########..   1%          4    N/A
 Iskenderun's Mystic Bla  Conj/Tloc      ########     1%          4    N/A
 Olgreb's Toxic Radiance  Pois           #######.     1%          4    N/A
 Passage of Golubria      Tloc           N/A          1%          4    N/A
 Sticky Flame             Conj/Fire      ########     1%          4    N/A
 Alistair's Intoxication  Tmut/Pois      ########     1%          5    N/A
 Excruciating Wounds      Chrm/Necr      #########.   1%          5    N/A
 Fireball                 Conj/Fire      ########..   1%          5    N/A
 Irradiate                Conj/Tmut      ########..   1%          5    N/A
 Iskenderun's Battlesphe  Conj/Chrm      ########     1%          5    N/A
 Summon Demon             Summ           ########..   1%          5    N/A
 Summon Forest            Summ/Tloc      ########..   1%          5    N/A
 Summon Mana Viper        Hex/Summ       ########     1%          5    N/A
 Conjure Ball Lightning   Conj/Air       #########.   1%          6    N/A
 Eringya's Noxious Bog    Tmut/Pois      ########..   1%          6    N/A
 Invisibility             Hex            ########     1%          6    N/A
 Iron Shot                Conj/Erth      #########.   1%          6    N/A
 Shadow Creatures         Summ           N/A          1%          6    N/A
 Dragon Form              Tmut           #########.   1%          7    N/A
 Haunt                    Necr/Summ      #########.   1%          7    N/A
 Monstrous Menagerie      Summ           ########..   1%          7    N/A
 Summon Greater Demon     Summ           ########..   1%          7    N/A
 Summon Hydra             Summ           ########..   1%          7    N/A
 Borgnjor's Revivificati  Necr           #########.   1%          8    N/A
 Chain Lightning          Conj/Air       #########.   1%          8    N/A
 Infestation              Necr           #########.   1%          8    N/A
 Lehudib's Crystal Spear  Conj/Erth      #########.   1%          8    N/A
 Starburst                Conj/Fire      ########..   2%          6    N/A
 Spellforged Servitor     Conj/Summ      ########..   4%          7    N/A
 Orb of Destruction       Conj           ########..   10%         7    N/A
 Ring of Flames           Chrm/Fire      ########..   12%         7    N/A
 Malign Gateway           Summ/Tloc      ########..   13%         7    N/A
 Dispersal                Tloc           #######...   16%         6    N/A
 Discord                  Hex            ########..   16%         8    N/A
 Summon Horrible Things   Summ           ########..   16%         8    N/A
 Ignition                 Fire           ########..   75%         8    N/A
 Dragon's Call            Summ           ########..   93%         9    N/A
 Disjunction              Tloc           #######...   100%        8    N/A
 Fire Storm               Conj/Fire      ########..   100%        9    N/A
 Swiftness                Chrm/Air       Unusable     N/A         2    N/A
 Blink                    Tloc           Unusable     N/A         2    N/A
 Controlled Blink         Tloc           Unusable     N/A         8    N/A

Dungeon Overview and Level Annotations

Branches:
Dungeon (15/15)            Temple (1/1) D:4            Lair (6/6) D:9
  Swamp (4/4) Lair:4        Snake (4/4) Lair:2        Slime (0/5) Lair:5
    Orc (2/2) D:11            Elf (3/3) Orc:2        Vaults (5/5) D:14
  Crypt (3/3) Vaults:2       Tomb (3/3) Crypt:3      Depths (0/5) D:15
 Bailey (visited)           IceCv (visited)         Volcano (visited)
Gauntlet (visited)

Altars:
Ashenzari
Cheibriados
Dithmenos
Elyvilon
Fedhas
Gozag
Hepliaklqana
Kikubaaqudgha
Makhleb
Nemelex Xobeh
Okawaru
Qazlal
Ru
Sif Muna
Trog
Uskayaw
Vehumet
Wu Jian
Xom
Yredelemnul
Zin
The Shining One

Shops:
D:5 [   D:10 [   D:11 }   D:13 (   D:15 :   Orc:2 **}[[   Elf:2 ?   Snake:2 }
Snake:3 *   Tomb:3 [[=?==[[*[[=([[==[==

Annotations:
D:15 exclusion: downstairs
Elf:2 , 2 runed translucent doors


Innate Abilities, Weirdness & Mutations

You cannot be hasted, slowed, berserked, paralysed or teleported.
You can dig through walls and to a lower floor.
Your four strong arms can wield two-handed weapons with a shield.
You have a pair of large antennae on your head. (SInv)
You have very sharp teeth.
Your mind is acute. (Int +2)
You have an increased reservoir of magic. (+10% MP)
You are covered in fur. (AC +1)
Your muscles are strong. (Str +2)


Message History

Ymmot becomes distracted by the nearby gold, dreaming of imaginary riches.
The Brimstone Fiend gestures at you.
The sphere of damnation explodes!
The damnation engulfs you!!
The Ice Fiend becomes distracted by the nearby gold, dreaming of imaginary riches.
The torturous black sun becomes distracted by the nearby gold, dreaming of imaginary riches.
The Hell Sentinel becomes distracted by the nearby gold, dreaming of imaginary riches.
The Brimstone Fiend gestures at you.
The sphere of damnation explodes!
The damnation engulfs you!!!
The Brimstone Fiend becomes distracted by the nearby gold, dreaming of imaginary riches.
A monstrous blood saint comes into view.
It is wearing a +2 robe of positive energy.
The balrug becomes distracted by the nearby gold, dreaming of imaginary riches.
The lorocyproca becomes distracted by the nearby gold, dreaming of imaginary riches.
The hellwing becomes distracted by the nearby gold, dreaming of imaginary riches.
The Brimstone Fiend gestures at you.
The sphere of damnation explodes!
The damnation engulfs you!!!
You die...
Your body crumbles into a pile of gold.

...$6...............#...
..$$1...................
1$23$$.2................
1..22...................
6.$$§§§§§§§.............
3..$§§2§§§§.............
2.$$§§§§§§§.............
16$1§§§L§§§$...$........
1$$26§§§§§§.............
1$&2§§§§§§§$............
3461§§§§§§§.$...........
4...$$...$..............
...$$...................
..1.....................
.....1..............#...


You could see Ymmot (unaware), 2 Hell Sentinels, 6 Brimstone Fiends, 2 Ice
Fiends, a cacodemon, 2 demonspawn, a hell beast, a lorocyproca (invisible,
unaware), 3 balrugs, a gelid corrupter (icemail), a torturous black sun
(unaware), 2 blizzard demons, a monstrous blood saint (fast), a soul eater, 2
hellwings and 2 smoke demons.

Vanquished Creatures
  17 pandemonium lords
  23 ancient liches
  Mennas (Crypt:2)
  15 juggernauts
  54 greater mummies
  8 Killer Klowns
  2 shard shrikes (Zig:16)
  A curse toe (Zig:11)
  9 caustic shrikes
  The ghost of Dataggej the Executioner, an adept MiBe of Trog (Elf:2)
  35 golden dragons
  A golden dragon (shapeshifter) (Zig:16)
  Jory (Crypt:3)
  20 bone dragons
  12 profane servitors
  10 Tzitzimimeh
  A doom hound (Zig:11)
  14 iron giants
  9 Brimstone Fiends
  9 electric golems
  7 hellephants (Zig:20)
  Jorgrun (D:14)
  33 tentacled monstrosities
  10 Ice Fiends
  The ghost of Revguard the Executioner, an adept DDBe of Trog (Snake:3)
  11 Hell Sentinels
  3 quicksilver dragons (Zig:19)
  31 liches
  16 titans
  13 deep elf blademasters
  10 deep elf master archers
  The ghost of Ahycuw the Spawn of Chaos, an adept DsWn of Makhleb (Swamp:3)
  13 Executioners
  12 sphinxes
  17 acid blobs (Zig:26)
  2 sphinxes (shapeshifter) (Zig:16)
  An eldritch tentacle (Zig:16)
  6 thorn hunters
  Frances (D:14)
  20 tentacled starspawn
  3 shadow dragons (Vaults:5)
  36 ancient champions
  8 storm dragons
  5 tengu reavers
  27 revenants
  16 draconian knights
  Roxanne (Snake:1)
  95 nagarajas
  10 draconian monks
  A fire giant (shapeshifter) (Zig:16)
  9 azure jellies
  An azure jelly (shapeshifter) (Zig:16)
  A daeva (Zig:25)
  12 fire giants
  15 deep elf sorcerers
  10 draconian scorchers
  54 orc warlords
  7 iron dragons
  5 caustic shrike zombies
  19 ghost moths
  13 cacodemons
  18 vault wardens
  23 curse skulls
  7 frost giants
  7 draconian shifters
  Louise (Snake:2)
  14 balrugs
  12 warmongers
  8 deep elf elementalists
  16 draconian annihilators
  10 juggernaut zombies
  13 emperor scorpions
  4 draconian stormcallers
  18 ironheart preservers
  An angel (Zig:6)
  6 ghouls
  17 very ugly things
  26 vampire knights
  13 blood saints
  33 reapers
  A caustic shrike skeleton (Zig:14)
  A stone giant (shapeshifter) (Zig:16)
  6 ophanim
  24 entropy weavers
  15 war gargoyles
  A minotaur (Gauntlet)
  46 stone giants
  12 bennus
  5 black suns
  5 green draconians
  25 corrupters
  2 juggernaut skeletons
  15 deep elf demonologists
  3 dire elephants (Zig:20)
  Azrael (Snake:2)
  11 lorocyprocas
  5 black draconians
  10 white draconians
  Nessos (Lair:5)
  11 spark wasps
  2 dire elephants (shapeshifter) (Zig:16)
  27 deep elf annihilators
  4 red draconians
  14 eidola
  A purple draconian (Zig:21)
  8 yellow draconians
  6 ettins
  11 blizzard demons
  39 mummy priests
  13 deep elf death magi
  5 crystal guardians
  42 green deaths
  4 death oozes (Zig:26)
  10 merfolk javelineers
  The ghost of lenfi the Spear-Bearer, a journeyman FoMo of Hepliaklqana (Lair:1)
  4 fire dragons
  14 yaktaur captains
  2 quicksilver dragon zombies
  2 merfolk impalers (Zig:24)
  10 great orbs of eyes
  10 deep elf high priests
  37 naga warriors
  An ice dragon (Vaults:5)
  The ghost of doomsgape the Pannier, a journeyman DrAr of Nemelex Xobeh (Lair:1)
  Josephine (Snake:1)
  28 jiangshi
  35 vault guards
  A hydra (shapeshifter) (Zig:16)
  Erolcha (D:10)
  10 hell beasts
  9 ghost crabs
  81 hydras
  10 rakshasas
  Harold (D:10)
  A caustic shrike simulacrum (Zig:15)
  3 centaur warriors
  22 shambling mangroves
  The ghost of Curus the Carver, a novice MiGl of Okawaru (D:10)
  5 spriggan air magi
  An alligator snapping turtle (shapeshifter) (Zig:16)
  5 catoblepae
  13 death knights
  A merfolk avatar (Lair:6)
  Erica (D:8)
  2 alligator snapping turtles (Zig:24)
  8 merfolk aquamancers
  18 anacondas
  A spectral stone giant (Crypt:3)
  2 death yaks (shapeshifter)
  27 alligators
  A deep troll earth mage (Vaults:4)
  21 ogre magi
  51 two-headed ogres
  5 titan zombies
  A queen ant (shapeshifter) (Zig:16)
  A deep troll shaman (Vaults:2)
  3 death yaks (Lair:6)
  77 death scarabs
  4 hell hogs
  The ghost of kalodont the Covert, a journeyman KoEn of Dithmenos (Lair:1)
  The ghost of KamiKatze the Slicer, a journeyman VSFi of Uskayaw (Lair:1)
  50 orc high priests
  40 shock serpents
  A spectral dire elephant (Crypt:3)
  44 naga sharpshooters
  4 tengu warriors
  9 soul eaters
  39 vampire magi
  A shock serpent (shapeshifter) (Zig:16)
  27 thrashing horrors
  6 storm dragon zombies
  3 sun demons
  2 hell knights
  A fire crab (shapeshifter) (Vaults:1)
  3 iron golems
  16 shadow wraiths
  20 iron trolls
  An iron troll (shapeshifter) (Zig:5)
  16 salamander mystics
  2 storm dragon skeletons
  A fire crab (Lair:5)
  5 titan skeletons
  31 deep elf knights
  51 skeletal warriors
  7 sixfirhies
  30 flayed ghosts
  27 deep elf archers
  3 spark wasp zombies
  A deep troll (shapeshifter) (Zig:16)
  16 spatial maelstroms
  48 swamp dragons
  5 golden dragon zombies
  4 sea snakes
  11 spriggan druids
  37 wretched stars
  13 deep trolls
  3 unseen horrors (shapeshifter)
  25 death drakes
  9 wizards
  4 unseen horrors
  13 glowing orange brains
  2 torturous demonspawn
  A lindwurm (D:14)
  7 obsidian statues
  18 naga ritualists
  14 shadow demons
  2 shadow dragon zombies (Zig:24)
  7 orange crystal statues
  4 golden dragon skeletons
  29 orc knights
  A lindwurm (shapeshifter) (Zig:16)
  13 harpies
  28 ironbrand convokers
  18 mana vipers
  14 necromancers
  6 tengu zombies
  5 sphinx zombies
  13 phantasmal warriors
  2 orb spiders (shapeshifter)
  3 iron dragon zombies
  A shadow dragon skeleton (Zig:11)
  A wolf spider (shapeshifter) (Zig:16)
  A wolf spider zombie (Crypt:2)
  5 sphinx skeletons
  28 wolf spiders
  21 salamanders
  16 cyclopes
  2 manticores
  27 moths of wrath
  110 deep elf magi
  3 stone giant zombies
  2 moths of wrath (shapeshifter)
  18 ugly things
  46 orc sorcerers
  19 orb spiders
  3 shining eyes (Zig:26)
  An oklob plant (Lair:1)
  4 worldbinders
  4 frost giant zombies
  2 stone giant skeletons
  4 frost giant skeletons
  An elephant (Zig:20)
  An iron dragon skeleton (Zig:25)
  5 spriggan zombies
  22 vault sentinels
  16 rust devils
  25 smoke demons
  A water nymph (shapeshifter) (Zig:16)
  2 fire giant skeletons
  18 apocalypse crabs
  109 black mambas
  71 naga magi
  An eye of devastation (shapeshifter) (Zig:19)
  9 orange demons
  3 water nymphs (Zig:11)
  A merfolk siren (Zig:11)
  24 guardian serpents
  Maurice (D:9)
  29 spiny frogs
  15 torpor snails
  6 rime drakes
  10 gargoyles
  8 ice statues
  3 eyes of devastation (Zig:26)
  A komodo dragon (shapeshifter) (Zig:20)
  54 yaktaurs
  A spiny frog (shapeshifter) (Vaults:5)
  14 hellions
  16 komodo dragons
  8 efreet
  3 tengu conjurers
  22 demonic crawlers
  A purple draconian skeleton (Crypt:2)
  2 yaktaurs (shapeshifter)
  21 tormentors
  39 freezing wraiths
  2 human skeletons
  A spectral merfolk (Crypt:3)
  5 hellwings
  23 ancient zymes
  A yaktaur skeleton (D:15)
  4 polar bears
  75 guardian mummies
  22 ice devils
  3 red devils
  A silent spectre (Zig:13)
  16 jumping spiders
  A queen bee (shapeshifter) (Vaults:4)
  8 merfolk
  3 shadow dragon simulacra
  3 wind drakes
  A blink frog (shapeshifter) (Vaults:2)
  56 hornets
  11 tyrant leeches
  A wolf spider simulacrum (IceCv)
  A jumping spider (shapeshifter) (Zig:16)
  28 trolls
  2 trolls (shapeshifter)
  39 raiju
  A tengu simulacrum (Vaults:3)
  58 slime creatures
  A tarantella zombie (Gauntlet)
  6 dream sheep
  12 blink frogs
  A hydra skeleton (Lair:1)
  16 bog bodies
  A meliai zombie (D:15)
  An alligator zombie (Crypt:2)
  82 large abominations
  A frost giant simulacrum (Zig:3)
  A stone giant simulacrum (Zig:7)
  7 hippogriffs
  An ice dragon skeleton (Zig:1)
  A spectral black mamba (Crypt:3)
  A shapeshifter (Zig:16)
  16 redbacks
  107 flying skulls
  14 shadows
  72 starcursed masses
  15 ynoxinuls
  3 elf skeletons
  14 air elementals
  A redback (shapeshifter) (Zig:16)
  A spriggan (shapeshifter) (Vaults:3)
  5 vampires
  2 ettin skeletons
  11 spriggans
  4 spriggan skeletons
  2 water elementals
  18 tarantellas
  2 black mamba skeletons
  45 ushabtiu
  A yak (shapeshifter) (Vaults:5)
  7 wyverns
  A human (D:7)
  35 wraiths
  4 hogs (D:7)
  29 yaks
  9 golden eyes
  12 elf zombies
  33 small abominations
  9 fire elementals
  A golden eye (shapeshifter) (Vaults:2)
  37 vampire mosquitoes
  8 basilisks
  22 neqoxecs
  An elf simulacrum (Zig:25)
  3 hungry ghosts
  2 wind drake skeletons (Crypt:1)
  34 chaos spawn
  14 swamp worms
  Menkaure (D:7)
  25 wargs
  A swamp worm (shapeshifter) (Vaults:4)
  A death yak simulacrum (IceCv)
  An acid dragon (D:14)
  35 insubstantial wisps
  A monstrous demonspawn zombie (Crypt:2)
  82 nagas
  30 water moccasins
  An acid dragon (shapeshifter) (Vaults:2)
  A soldier ant (shapeshifter) (Zig:17)
  A spatial vortex (Zig:22)
  2 two-headed ogre zombies
  2 merfolk skeletons (Gauntlet)
  A water nymph zombie (Crypt:2)
  12 porcupines
  9 hell hounds
  A floating eye (shapeshifter) (Vaults:5)
  A floating eye (Zig:26)
  2 hornet zombies
  124 orc warriors
  25 swamp drakes
  13 ice beasts
  2 phantoms (D:6)
  A black bear (Lair:4)
  A manticore zombie (D:12)
  2 sky beasts
  A swamp dragon zombie (Crypt:2)
  An alligator simulacrum (IceCv)
  13 eyes of draining
  9 necrophages
  76 ogres
  A snapping turtle zombie (Gauntlet)
  An eye of draining (shapeshifter) (Zig:16)
  15 wolves
  2 orc skeletons
  A swamp dragon skeleton (Crypt:1)
  A lindwurm skeleton (Volcano)
  16 centaurs
  A torpor snail zombie (Crypt:1)
  2 manticore skeletons
  A rime drake zombie (Crypt:2)
  21 crocodiles
  2 gnoll sergeants
  2 big kobolds
  17 bullfrogs
  18 earth elementals
  A glowing shapeshifter simulacrum (Vaults:2)
  A water moccasin zombie (D:11)
  A wyvern zombie (D:5)
  2 cyclops zombies
  2 salamander skeletons (Volcano)
  A hippogriff skeleton (D:12)
  4 scorpions
  2 water moccasin skeletons
  6 killer bees
  8 wights
  2 electric eels (D:9)
  3 howler monkeys
  13 crimson imps
  6 draconian simulacra (IceCv)
  8 hounds
  8 jellies
  3 quasits
  5 centaur zombies
  4 bullfrog zombies
  5 human zombies
  6 centaur skeletons
  33 orc priests
  Crazy Yiuf (D:4)
  6 bullfrog skeletons
  9 iron imps
  10 worker ants
  An iguana (D:4)
  50 orc wizards
  7 hell rats (Lair:2)
  4 lightning spires (Zig:17)
  A polar bear simulacrum (IceCv)
  2 spriggan simulacra
  4 troll simulacra (IceCv)
  A crocodile zombie (Gauntlet)
  2 centaur simulacra (IceCv)
  An ogre zombie (Orc:2)
  A crocodile skeleton (Gauntlet)
  2 hound zombies
  A hound skeleton (D:11)
  99 mummies
  A howler monkey skeleton (D:10)
  15 gnolls
  2 ogre simulacra (IceCv)
  2 swamp drake zombies
  17 adders
  5 naga simulacra (IceCv)
  2 orc zombies (Orc:2)
  13 river rats (Lair:2)
  3 shadow imps
  32 white imps
  4 oozes (Lair:5)
  3 worms
  6 leopard geckos
  83 orcs
  2 bats
  A bat zombie (D:14)
  6 giant cockroaches
  14 goblins
  10 hobgoblins
  9 jackals
  9 quokkas
  7 frilled lizards
  A frilled lizard zombie (D:14)
  A goblin skeleton (D:13)
  A goblin zombie (D:14)
  32 kobolds
  A kobold skeleton (D:13)
  A kobold zombie (D:13)
  A leopard gecko skeleton (D:12)
  18 rats
  A rat skeleton (D:13)
  2 blocks of ice (Zig:18)
  72 briar patches
  A fungus (Lair:6)
  A plant (Lair:1)
  16 starspawn tentacles
6058 creatures vanquished.

Vanquished Creatures (collateral kills)
  A cacodemon (Gauntlet)
1 creature vanquished.

Vanquished Creatures (others)
  A draconian monk (Zig:21)
  An orc warlord (Zig:23)
  A corrupter (Zig:23)
  A vault warden (Vaults:4)
  A cacodemon (Zig:23)
  A blood saint (Zig:23)
  A spark wasp (Zig:18)
  An ogre mage (Vaults:2)
  45 dancing weapons
  A harpy (Vaults:2)
  3 deep elf magi
  An ancient zyme (Zig:13)
  A demonic crawler (Zig:12)
  A golden eye (Zig:22)
  A vampire mosquito (Zig:22)
  A large abomination (Zig:22)
  An ogre (Vaults:2)
  A wolf (Lair:3)
  An orc priest (Orc:2)
  An orc wizard (Vaults:4)
  A block of ice (Zig:18)
  2 briar patches (Zig:23)
  9 fungi
  28 plants
  18 starspawn tentacles
  2 withered plants (D:10)
126 creatures vanquished.

Grand Total: 6185 creatures vanquished

Notes
Turn   | Place    | Note
-------+----------+-------------------------------------------
     0 | D:1      | DildoBatman the Formicid Wizard began the quest for the
                  | Orb.
     0 | D:1      | Reached XP level 1. HP: 13/13 MP: 4/4
    18 | D:1      | Reached skill level 1 in Conjurations
   180 | D:1      | Reached XP level 2. HP: 19/19 MP: 3/6
   816 | D:1      | Reached XP level 3. HP: 18/24 MP: 3/7
  1747 | D:2      | Found a hazy altar of Hepliaklqana.
  1919 | D:2      | Reached XP level 4. HP: 30/30 MP: 2/8
  2156 | D:2      | Found a radiant altar of Vehumet.
  2156 | D:2      | Found a faded altar of an unknown god.
  2161 | D:2      | Found an ancient bone altar of Kikubaaqudgha.
  2163 | D:2      | Found a shadowy altar of Dithmenos.
  2164 | D:2      | Found a shimmering altar of Xom.
  2167 | D:2      | Became a worshipper of Kikubaaqudgha
  2546 | D:2      | Learned a level 3 spell: Conjure Flame
  2550 | D:2      | Learned a level 3 spell: Mephitic Cloud
  2559 | D:2      | Reached XP level 5. HP: 35/35 MP: 5/9
  2840 | D:3      | Reached skill level 1 in Fire Magic
  2986 | D:3      | Found a faded altar of an unknown god.
  3120 | D:3      | Reached skill level 1 in Air Magic
  3237 | D:3      | Reached * piety under Kikubaaqudgha
  3237 | D:3      | Identified Kikubaaqudgha's Papyrus of Evil (Kikubaaqudgha
                  | gifted it to you on level 3 of the Dungeon)
  3237 | D:3      | Received a gift from Kikubaaqudgha
  3450 | D:4      | Reached XP level 6. HP: 41/41 MP: 6/10
  3800 | D:4      | Found a staircase to the Ecumenical Temple.
  3811 | Temple   | Entered the Ecumenical Temple
  4234 | D:4      | Found a runed translucent door.
  4234 | D:4      | Noticed Crazy Yiuf
  4274 | D:4      | Killed Crazy Yiuf
  4427 | D:5      | Entered Level 5 of the Dungeon
  4440 | D:5      | Found Uchak's Armour Boutique.
  4575 | D:5      | Reached XP level 7. HP: 30/46 MP: 8/11
  4947 | D:5      | Reached skill level 5 in Conjurations
  5336 | D:6      | Learned a level 2 spell: Sublimation of Blood
  5340 | D:6      | Learned a level 3 spell: Vampiric Draining
  5370 | D:6      | Reached XP level 8. HP: 53/53 MP: 5/13
  5391 | D:6      | Reached skill level 1 in Armour
  5486 | D:6      | Reached skill level 1 in Fighting
  5486 | D:6      | Reached skill level 1 in Necromancy
  5916 | D:6      | Found a shattered altar of Ashenzari.
  6345 | D:7      | Reached XP level 9. HP: 60/62 MP: 9/15
  6347 | D:7      | Noticed Menkaure
  6361 | D:7      | Noticed a two-headed ogre
  6390 | D:7      | Learned a level 3 spell: Ozocubu's Armour
  6428 | D:7      | Killed Menkaure
  6765 | D:6      | Killed a two-headed ogre
  6765 | D:6      | Reached skill level 1 in Charms
  6765 | D:6      | Reached skill level 1 in Ice Magic
  7113 | D:7      | Reached ** piety under Kikubaaqudgha
  7569 | D:7      | Reached skill level 5 in Fire Magic
  7569 | D:7      | Reached XP level 10. HP: 46/70 MP: 11/17
  7575 | D:7      | Reached skill level 5 in Spellcasting
  7768 | D:8      | Noticed Erica
  7795 | D:8      | Killed Erica
  7910 | D:8      | Noticed a two-headed ogre
  8117 | D:8      | Found a shimmering blue altar of Sif Muna.
  8388 | D:8      | Killed a two-headed ogre
  8439 | D:8      | Reached skill level 5 in Armour
  8545 | D:8      | Found a basalt altar of Yredelemnul.
  8578 | D:8      | Reached skill level 5 in Fighting
  8621 | D:8      | Found the +3 salamander hide armour {+Rage rF++}
  8786 | D:8      | Reached XP level 11. HP: 79/79 MP: 19/19
  9229 | D:9      | Reached skill level 5 in Air Magic
  9312 | D:9      | Noticed Maurice
  9364 | D:9      | Killed Maurice
  9370 | D:9      | Reached skill level 5 in Dodging
  9534 | D:9      | Found a staircase to the Lair.
  9545 | D:9      | Reached skill level 5 in Necromancy
  9751 | D:9      | Reached *** piety under Kikubaaqudgha
  9751 | D:9      | Identified Kikubaaqudgha's Papyrus of Stolen Souls
                  | (Kikubaaqudgha gifted it to you on level 9 of the Dungeon)
  9751 | D:9      | Received a gift from Kikubaaqudgha
  9985 | D:10     | Entered Level 10 of the Dungeon
 10043 | D:10     | Found a runed translucent door.
 10043 | D:10     | Noticed Curus's ghost (novice MiGl)
 10050 | D:10     | Noticed Erolcha
 10110 | D:10     | Learned a level 4 spell: Dispel Undead
 10189 | D:10     | Found a blossoming altar of Fedhas.
 10221 | D:10     | Got a shimmering quarterstaff
 10222 | D:10     | Identified the +7 quarterstaff "Luitun" {elec, rPois
                  | Stlth+} (You found it on level 10 of the Dungeon)
 10227 | D:10     | Noticed Harold
 10263 | D:10     | Killed Harold
 10296 | D:10     | Found Doku's Antique Armour Emporium.
 10408 | D:10     | Noticed a deep elf mage
 10427 | D:10     | Killed a deep elf mage
 10441 | D:10     | Learned a level 5 spell: Borgnjor's Vile Clutch
 10762 | D:10     | Killed Erolcha
 10797 | D:11     | Noticed a cyclops
 10860 | D:11     | Killed a cyclops
 10950 | D:11     | Noticed a green ugly thing
 10964 | D:11     | Killed a red ugly thing
 10964 | D:11     | Reached skill level 5 in Earth Magic
 11227 | D:11     | Noticed an unseen horror
 11234 | D:11     | Noticed a five-headed hydra
 11237 | D:11     | Killed an unseen horror
 11237 | D:11     | Reached XP level 12. HP: 79/87 MP: 22/22
 11247 | D:11     | Killed a five-headed hydra
 11307 | D:11     | Reached **** piety under Kikubaaqudgha
 11408 | D:11     | Found Jipsitaho's Gadget Emporium.
 11421 | D:11     | Found a staircase to the Orcish Mines.
 11466 | D:11     | Got a pitted ruby amulet
 11467 | D:11     | Identified the amulet of Doiggir {Regen+ Str+6 Dex+3} (You
                  | found it on level 11 of the Dungeon)
 11649 | D:11     | Noticed an eight-headed hydra
 11664 | D:11     | Killed an eight-headed hydra
 11844 | Orc:1    | Entered Level 1 of the Orcish Mines
 11844 | Orc:1    | Found a radiant altar of Vehumet.
 12138 | Orc:1    | Noticed an orc high priest
 12157 | Orc:1    | Killed an orc high priest
 12236 | Orc:1    | Reached ***** piety under Kikubaaqudgha
 12557 | Orc:2    | Entered Level 2 of the Orcish Mines
 12624 | Orc:2    | Noticed an orc high priest
 12702 | Orc:2    | Reached XP level 13. HP: 73/95 MP: 5/23
 12817 | Orc:2    | Reached skill level 10 in Earth Magic
 13078 | Orc:2    | Found a staircase to the Elven Halls.
 13185 | Orc:2    | Found Ciagood's Antique Armour Emporium.
 13383 | Orc:2    | Found Tipsanel's Assorted Antiques.
 13383 | Orc:2    | Found Ippab's Antique Armour Shoppe.
 13383 | Orc:2    | Found Funkycsa's Gadget Shoppe.
 13392 | Orc:2    | Found Fumess's General Store.
 13775 | D:10     | Killed Curus's ghost
 13929 | D:12     | Reached ****** piety under Kikubaaqudgha
 13930 | D:12     | Received a gift from Kikubaaqudgha
 13932 | D:12     | Fell from the grace of Kikubaaqudgha
 14161 | Temple   | Became a worshipper of Gozag Ym Sagoz the Greedy
 14185 | D:4      | You fall into a shaft and drop 3 floors!
 14188 | D:7      | You fall into a shaft and drop 1 floor!
 14191 | D:8      | You fall into a shaft and drop 1 floor!
 14194 | D:9      | You fall into a shaft and drop 3 floors!
 14291 | D:12     | Found a flagged portal.
 14306 | Bailey   | Entered a bailey
 15441 | Orc:2    | Bought a scroll of identify for 68 gold pieces
 15441 | Orc:2    | Bought a scroll of identify for 68 gold pieces
 15441 | Orc:2    | Bought a papyrus book for 510 gold pieces
 15441 | Orc:2    | Bought a scroll of enchant armour for 255 gold pieces
 15441 | Orc:2    | Bought a scroll of identify for 68 gold pieces
 15443 | Orc:2    | Bought a pair of scorched boots for 342 gold pieces
 15443 | Orc:2    | Bought a pair of glowing gloves for 270 gold pieces
 15453 | Orc:2    | Identified the +0 pair of boots of Zousk {-Cast Regen+
                  | Dex+3} (You bought it in a shop on level 2 of the Orcish
                  | Mines)
 15516 | Orc:2    | Bought a runed cloak for 142 gold pieces
 15685 | D:13     | Reached XP level 14. HP: 94/108 MP: 24/24
 15803 | D:13     | Reached skill level 1 in Shields
 15934 | D:13     | Found a frozen archway.
 15944 | IceCv    | Entered an ice cave
 16052 | IceCv    | Reached skill level 5 in Shields
 16197 | IceCv    | Found an ancient bone altar of Kikubaaqudgha.
 16442 | IceCv    | Reached skill level 10 in Armour
 16464 | IceCv    | Reached skill level 10 in Fighting
 16970 | D:13     | Found Wirea's Weapon Shoppe.
 17287 | D:13     | Identified the Reference Book on Combat Magic
 17298 | D:13     | Identified Sif Muna's Volume of Supportive Talismans
 17309 | D:13     | Found a shimmering blue altar of Sif Muna.
 17339 | D:13     | Identified Sif Muna's Volume of the Hills
 17356 | D:13     | Noticed a deep elf sorcerer
 17368 | D:13     | Killed a deep elf sorcerer
 17532 | D:13     | Identified Sif Muna's Papyrus of Ashen Orientation
 17534 | D:13     | Identified the Collected Works on Fetching Orientation
 17559 | D:13     | Identified the Compendium of Shifting Malediction
 17693 | D:14     | Noticed Frances
 17704 | D:14     | Killed Frances
 18004 | D:14     | Got a steaming trident
 18044 | D:14     | Identified the cursed +2 trident "Jellyslayer" {freeze,
                  | *Slow rElec rN+} (You found it on level 14 of the Dungeon)
 18238 | D:14     | Noticed Jorgrun
 18255 | D:14     | Reached XP level 15. HP: 106/115 MP: 22/28
 18336 | D:14     | Reached skill level 10 in Spellcasting
 18369 | D:14     | Found a gate to the Vaults.
 19091 | D:15     | Entered Level 15 of the Dungeon
 19111 | D:15     | Found a staircase to the Depths.
 19111 | D:15     | Noticed a fire giant
 19136 | D:15     | Found Nughucwu's Book Boutique.
 19403 | D:15     | Killed a fire giant
 19464 | D:15     | Found a gate leading to a gauntlet.
 19482 | Gauntlet | Entered a Gauntlet
 19482 | Gauntlet | Found a transporter.
 19492 | Gauntlet | Found a transporter.
 19507 | Gauntlet | Found a transporter.
 19512 | Gauntlet | Found a transporter.
 19527 | Gauntlet | Found a transporter.
 19545 | Gauntlet | Noticed a cacodemon
 19546 | Gauntlet | Found a transporter.
 19558 | Gauntlet | Found a transporter.
 19558 | Gauntlet | Noticed a reaper
 19564 | Gauntlet | Found a transporter.
 19579 | Gauntlet | Found a transporter.
 19587 | Gauntlet | Found a large runed translucent door.
 19588 | Gauntlet | Found a large runed translucent door.
 19589 | Gauntlet | Found a large runed translucent door.
 19589 | Gauntlet | Found a large runed translucent door.
 19590 | Gauntlet | Found a runed translucent gate.
 19593 | Gauntlet | Found a transporter.
 19593 | Gauntlet | Found a runed translucent gate.
 19613 | Gauntlet | Found a runed translucent gate.
 19614 | Gauntlet | Found a large runed translucent door.
 19615 | Gauntlet | Found a large runed translucent door.
 19616 | Gauntlet | Found a large runed translucent door.
 19624 | Gauntlet | Found a transporter.
 19625 | Gauntlet | Found a large runed translucent door.
 19626 | Gauntlet | Found the ring of the Octopus King
 19626 | Gauntlet | Found a large runed translucent door.
 19626 | Gauntlet | Found a large runed translucent door.
 19626 | Gauntlet | Found a runed translucent door.
 19626 | Gauntlet | Found a runed translucent door.
 19627 | Gauntlet | Found a large runed translucent door.
 19628 | Gauntlet | Found a large runed translucent door.
 19648 | Gauntlet | Found a transporter.
 19665 | Gauntlet | Found a transporter.
 19667 | Gauntlet | Found a transporter.
 19667 | Gauntlet | Found a large runed translucent door.
 19667 | Gauntlet | Found a large runed translucent door.
 19668 | Gauntlet | Found a large runed translucent door.
 19720 | Gauntlet | Found a transporter.
 19720 | Gauntlet | Found a transporter.
 19740 | Gauntlet | Found a transporter.
 19830 | Gauntlet | Found a transporter.
 19846 | Gauntlet | Found a large runed translucent door.
 20059 | Gauntlet | Got a brightly glowing leather armour
 20205 | Gauntlet | Identified the cursed +0 leather armour of Resourcefulness
                  | {Int+2 Dex+4} (You found it in a Gauntlet)
 20216 | Gauntlet | Gained mutation: Your muscles are strong. (Str +2) [potion
                  | of mutation]
 20216 | Gauntlet | Gained mutation: Your mind is acute. (Int +2) [potion of
                  | mutation]
 20216 | Gauntlet | Gained mutation: You expend magic power (3 MP) to
                  | strengthen your wands. [potion of mutation]
 20259 | Gauntlet | Gained mutation: Your magical capacity is low. (-10% MP) [a
                  | neqoxec]
 20265 | Gauntlet | Gained mutation: Your spells are a little easier to cast,
                  | but a little less powerful. [a cacodemon]
 20267 | Gauntlet | Killed a cacodemon
 20297 | Gauntlet | Identified the cursed +1 hand axe of Fasewus {venom, Str+4}
 20314 | Gauntlet | Got a fine amber ring
 20368 | D:15     | Identified the ring of Irrepressible Laughter {*Tele Dex+7}
                  | (You found it in a Gauntlet)
 20370 | D:15     | Lost mutation: Your muscles are strong. (Str +2) [potion of
                  | mutation]
 20370 | D:15     | Lost mutation: Your mind is acute. (Int +2) [potion of
                  | mutation]
 20370 | D:15     | Lost mutation: Your magical capacity is low. (-10% MP)
                  | [potion of mutation]
 20370 | D:15     | Lost mutation: Your spells are a little easier to cast, but
                  | a little less powerful. [potion of mutation]
 20370 | D:15     | Gained mutation: You have sharp toenails. [potion of
                  | mutation]
 20904 | D:15     | Learned a level 5 spell: Lee's Rapid Deconstruction
 20973 | D:14     | Killed Jorgrun
 21079 | Lair:1   | Entered Level 1 of the Lair of Beasts
 21190 | Lair:1   | Found an ornate altar of the Wu Jian Council.
 21352 | Lair:1   | You fall into a shaft and drop 1 floor!
 21385 | Lair:2   | Found a dark tunnel.
 21400 | Volcano  | Entered a volcano
 21437 | Volcano  | Found a bloodstained altar of Trog.
 21481 | Volcano  | Reached XP level 16. HP: 79/122 MP: 1/33
 21684 | Volcano  | Got a pair of brightly glowing boots
 21690 | Volcano  | Was forgiven by Kikubaaqudgha
 21761 | Lair:2   | Identified the +0 pair of boots "Valegh" {rC+ rCorr} (You
                  | found it in a volcano)
 22297 | Lair:2   | Found a staircase to the Snake Pit.
 22524 | Lair:1   | You fall into a shaft and drop 1 floor!
 22626 | Lair:1   | Found a runed translucent gate.
 22626 | Lair:1   | Found a runed translucent gate.
 22628 | Lair:1   | Found a runed translucent gate.
 22628 | Lair:1   | Noticed lenfi's ghost (journeyman FoMo)
 22629 | Lair:1   | Noticed KamiKatze's ghost (journeyman VSFi)
 22632 | Lair:1   | Noticed kalodont's ghost (journeyman KoEn)
 22632 | Lair:1   | Noticed doomsgape's ghost (journeyman DrAr)
 22645 | Lair:1   | Killed lenfi's ghost
 22648 | Lair:1   | Killed doomsgape's ghost
 22655 | Lair:1   | Killed KamiKatze's ghost
 22661 | Lair:1   | Killed kalodont's ghost
 23308 | Lair:3   | Reached skill level 15 in Spellcasting
 23775 | Lair:4   | Found a staircase to the Swamp.
 24281 | Lair:5   | Noticed Nessos
 24323 | Lair:5   | Killed Nessos
 24527 | Lair:5   | Found the +8 whip "Snakebite" {curare, rPois}
 24717 | Lair:5   | Found a staircase to the Slime Pits.
 25099 | Lair:6   | Entered Level 6 of the Lair of Beasts
 25612 | Lair:6   | Reached XP level 17. HP: 106/128 MP: 17/37
 25803 | Lair:6   | Reached skill level 5 in Charms
 26065 | Lair:6   | Lost mutation: You expend magic power (3 MP) to strengthen
                  | your wands. [potion of mutation]
 26065 | Lair:6   | Lost mutation: You have sharp toenails. [potion of
                  | mutation]
 26065 | Lair:6   | Gained mutation: You are partially covered in icy blue
                  | scales. (AC +2) [potion of mutation]
 26065 | Lair:6   | Gained mutation: You are partially covered in slimy green
                  | scales. (AC +2) [potion of mutation]
 26065 | Lair:6   | Gained mutation: Your muscles are strong. (Str +2) [potion
                  | of mutation]
 26076 | Lair:6   | Got a serpentine wooden ring
 26078 | Lair:6   | Identified the ring of Tuci {*Tele +Blink rN++ MR+ Dex-5}
                  | (You found it on level 6 of the Lair of Beasts)
 26082 | Lair:6   | Identified Peppiash's Papyrus of Dislocated Combat Magic
 26243 | Lair:6   | Reached skill level 10 in Necromancy
 26546 | Swamp:1  | Entered Level 1 of the Swamp
 27182 | Swamp:1  | Reached skill level 5 in Ice Magic
 28801 | Swamp:3  | Found a runed translucent gate.
 28801 | Swamp:3  | Found a runed translucent gate.
 28801 | Swamp:3  | Found a runed translucent gate.
 28805 | Swamp:3  | Noticed Ahycuw's ghost (adept DsWn)
 29222 | Swamp:3  | Got a pitted ivory ring
 29224 | Swamp:3  | Identified the ring of Xerph {rElec rPois rF- MP+9 Stlth+}
                  | (You found it on level 3 of the Swamp)
 29615 | Swamp:3  | Killed Ahycuw's ghost
 29615 | Swamp:3  | Reached XP level 18. HP: 106/134 MP: 21/38
 29648 | Swamp:4  | Entered Level 4 of the Swamp
 29916 | Swamp:4  | Reached skill level 10 in Ice Magic
 30201 | Swamp:4  | Got a decaying rune of Zot
 31207 | Snake:1  | Entered Level 1 of the Snake Pit
 31282 | Snake:1  | Noticed Josephine
 31290 | Snake:1  | Killed Josephine
 31290 | Snake:1  | Reached skill level 15 in Earth Magic
 31763 | Snake:1  | Noticed Roxanne
 31781 | Snake:1  | Killed Roxanne
 31792 | Snake:1  | Learned a level 5 spell: Bolt of Magma
 31865 | D:9      | Learned a level 6 spell: Statue Form
 32123 | Snake:2  | Reached skill level 1 in Transmutations
 32239 | Snake:2  | Noticed Louise
 32252 | Snake:2  | Killed Louise
 32534 | Snake:2  | Reached XP level 19. HP: 74/140 MP: 28/39
 32738 | Snake:2  | Noticed Azrael
 32764 | Snake:2  | Killed Azrael
 32764 | Snake:2  | Reached skill level 10 in Shields
 32791 | Snake:2  | Found Seqice's Armour Shoppe.
 32796 | Snake:2  | Found Luogg's Gadget Emporium.
 33384 | Snake:3  | Reached skill level 5 in Transmutations
 33697 | Snake:3  | Found a runed translucent gate.
 33697 | Snake:3  | Found a runed translucent gate.
 33698 | Snake:3  | Found an opulent altar of Gozag.
 33698 | Snake:3  | Found a runed translucent gate.
 33699 | Snake:3  | Noticed Revguard's ghost (adept DDBe)
 33701 | Snake:3  | Found Othum's Assorted Antiques.
 33726 | Snake:3  | Killed Revguard's ghost
 34085 | Snake:3  | Bought a scroll of summoning for 351 gold pieces
 34085 | Snake:3  | Bought 2 potions of brilliance for 296 gold pieces
 34085 | Snake:3  | Bought a potion of invisibility for 296 gold pieces
 34085 | Snake:3  | Bought a scroll of immolation for 129 gold pieces
 34182 | Snake:4  | Entered Level 4 of the Snake Pit
 34233 | Snake:4  | Got a slimy battleaxe
 34234 | Snake:4  | Identified the +9 battleaxe "Arbiter" {venom, *Rage rPois
                  | Str+3 Int+7} (You found it on level 4 of the Snake Pit)
 34508 | Snake:4  | Reached XP level 20. HP: 128/147 MP: 12/40
 34841 | Snake:4  | Got a serpentine rune of Zot
 35420 | D:9      | Identified a scroll of acquirement
 35423 | D:9      | Reached XP level 21. HP: 153/153 MP: 41/41
 35569 | Vaults:1 | Entered Level 1 of the Vaults
 36357 | Vaults:1 | Reached skill level 10 in Transmutations
 36904 | Vaults:2 | Reached XP level 22. HP: 159/159 MP: 6/42
 36929 | Vaults:2 | Reached skill level 15 in Shields
 37188 | Vaults:2 | Identified the ring of Igatwi {rCorr Str+2 Int+6}
 37221 | Vaults:2 | Noticed a bone dragon
 37236 | Vaults:2 | Killed a bone dragon
 37828 | Vaults:2 | Found a staircase to the Crypt.
 38175 | Vaults:2 | Got an iridescent triple crossbow
 38215 | Vaults:2 | Got a crude scale mail
 38226 | Vaults:2 | Identified the cursed +0 scale mail of Green Contentment
                  | {*Slow rPois Str+3 Int+3} (You found it on level 2 of the
                  | Vaults)
 38226 | Vaults:2 | Identified the +5 triple crossbow "Wukhoilo" {elec, Str+4}
                  | (You found it on level 2 of the Vaults)
 38267 | Vaults:2 | Learned a level 8 spell: Necromutation
 38376 | Vaults:3 | Reached skill level 15 in Necromancy
 38398 | Vaults:3 | Reached XP level 23. HP: 81/165 MP: 15/43
 40149 | Vaults:4 | Reached skill level 15 in Transmutations
 41299 | Elf:1    | Entered Level 1 of the Elven Halls
 41452 | Elf:1    | Identified the Collected Works on Confrontation
 41647 | Elf:1    | Reached XP level 24. HP: 172/172 MP: 21/43
 42198 | Elf:2    | Found Doop's Magic Scroll Shop.
 42242 | Elf:2    | Bought a scroll of identify for 20 gold pieces
 42242 | Elf:2    | Bought a scroll of identify for 20 gold pieces
 42242 | Elf:2    | Bought a scroll of identify for 20 gold pieces
 42242 | Elf:2    | Bought a scroll of identify for 20 gold pieces
 42242 | Elf:2    | Bought a scroll of identify for 20 gold pieces
 42242 | Elf:2    | Bought a scroll of identify for 20 gold pieces
 42242 | Elf:2    | Bought a scroll of immolation for 35 gold pieces
 42339 | Elf:2    | Found a transporter.
 42341 | Elf:2    | Found a transporter.
 42358 | Elf:2    | Identified the +3 rapier "Bitzelaf" {chaos, rF- rN+++ Str+4
                  | SInv}
 42359 | Elf:2    | Identified the +4 rapier "Duxarhu" {elec, rN+ Int+3 Dex-3}
 42359 | Elf:2    | Noticed Dataggej's ghost (adept MiBe)
 42421 | Elf:2    | Identified the +5 longbow of Tioc {flame, MP+9}
 42423 | Elf:2    | Found a bloodstained altar of Trog.
 42683 | Elf:2    | Found a large runed translucent door.
 42683 | Elf:2    | Found a large runed translucent door.
 42706 | Elf:2    | Found a large runed translucent door.
 42706 | Elf:2    | Found a large runed translucent door.
 43172 | Elf:2    | Killed Dataggej's ghost
 43231 | Elf:2    | Got masterwork ice dragon scales
 43243 | Elf:2    | Identified the cursed +1 ice dragon scales of the Dwarven
                  | Hall {rF- rC++ MR++ Str+5} (You found it on level 2 of the
                  | Elven Halls)
 43289 | Elf:3    | Entered Level 3 of the Elven Halls
 44048 | Elf:3    | Got a scorched ring mail
 44331 | Elf:3    | Identified the +1 bardiche "Jajit" {venom, *Drain +Inv SInv
                  | Stlth+}
 44331 | Elf:3    | Identified the ring "Fuidyalo" {+Fly rF+ Dex+4 Stlth+}
 44334 | Elf:3    | Identified the +2 plate armour of the Depths {rCorr MP+9
                  | Int-2 Stlth-}
 44339 | Elf:3    | Reached XP level 25. HP: 177/177 MP: 34/43
 44358 | Elf:3    | Identified Zius's Tome of Creative Transmigration
 44388 | Elf:3    | Identified the +5 ring mail of Impressiveness {-Cast Str+5}
                  | (You found it on level 3 of the Elven Halls)
 44751 | Elf:3    | Got a pitted cloak
 45026 | D:9      | Identified the cursed +0 cloak "Suuwn" {MR+ rCorr} (You
                  | found it on level 3 of the Elven Halls)
 45444 | Crypt:1  | Entered Level 1 of the Crypt
 45802 | Crypt:1  | Reached skill level 1 in Evocations
 46356 | Crypt:2  | Noticed Mennas
 46367 | Crypt:2  | Killed Mennas
 46983 | Crypt:2  | Reached skill level 5 in Evocations
 47436 | Crypt:3  | Entered Level 3 of the Crypt
 47936 | Crypt:3  | Found an ancient bone altar of Kikubaaqudgha.
 48168 | Crypt:3  | Got a crystal broad axe
 48170 | Crypt:3  | Identified the cursed +1 broad axe "Viadil" {vorpal, *Slow
                  | MP+9 Str+8 Int+4} (You found it on level 3 of the Crypt)
 48284 | Crypt:3  | Reached XP level 26. HP: 184/184 MP: 3/43
 48443 | Crypt:3  | Found a staircase to the Tomb.
 48448 | Crypt:3  | Noticed Jory
 48457 | Crypt:3  | Killed Jory
 48941 | Crypt:3  | Got a fine turquoise ring
 48941 | Crypt:3  | Got a heavily runed copper ring
 48949 | Crypt:3  | Got a steaming lead ring
 48952 | Crypt:3  | Identified the ring "Ismumycs" {rPois rN+ Str+2 Dex-4} (You
                  | found it on level 3 of the Crypt)
 48953 | Crypt:3  | Identified the ring "Pioqunku" {rC+ rN+ MR- Str+6 Dex+2}
                  | (You found it on level 3 of the Crypt)
 48954 | Crypt:3  | Identified the ring "Tigh" {rElec rN+ MR++} (You found it
                  | on level 3 of the Crypt)
 48959 | Crypt:3  | Got a crystal great mace
 48960 | Crypt:3  | Identified the cursed +0 great mace "Ellimycw" {vorpal,
                  | rC+} (You found it on level 3 of the Crypt)
 49071 | Tomb:1   | Entered Level 1 of the Tomb of the Ancients
 49107 | Tomb:1   | Learned a level 9 spell: Shatter
 49125 | Tomb:1   | Noticed a greater mummy
 49147 | Tomb:1   | Killed a greater mummy
 49164 | Tomb:1   | Noticed a greater mummy
 49183 | Tomb:1   | Killed a greater mummy
 49183 | Tomb:1   | Reached skill level 10 in Evocations
 49264 | Tomb:1   | Noticed a greater mummy
 49275 | Tomb:1   | Killed a greater mummy
 49277 | Tomb:1   | Noticed a greater mummy
 49290 | Tomb:1   | Killed a greater mummy
 49357 | Tomb:1   | Noticed a greater mummy
 49362 | Tomb:1   | Noticed a greater mummy
 49366 | Tomb:1   | Killed a greater mummy
 49375 | Tomb:1   | Killed a greater mummy
 49400 | Tomb:1   | Noticed a greater mummy
 49402 | Tomb:1   | Noticed a greater mummy
 49458 | Tomb:1   | Noticed a greater mummy
 49466 | Tomb:1   | Killed a greater mummy
 49468 | Tomb:1   | Killed a greater mummy
 49471 | Tomb:1   | Killed a greater mummy
 49505 | Tomb:1   | Reached XP level 27. HP: 190/190 MP: 26/43
 49754 | Tomb:1   | Noticed a greater mummy
 49754 | Tomb:1   | Noticed a greater mummy
 49761 | Tomb:1   | Noticed a greater mummy
 49769 | Tomb:1   | Noticed a greater mummy
 49776 | Tomb:1   | Killed a greater mummy
 49776 | Tomb:1   | Killed a greater mummy
 49776 | Tomb:1   | Killed a greater mummy
 49789 | Tomb:1   | Killed a greater mummy
 49808 | Tomb:1   | Noticed a greater mummy
 49818 | Tomb:1   | Killed a greater mummy
 49939 | Tomb:1   | Got an ancient plate armour
 50032 | Tomb:1   | Identified the Catalogue of Calling
 50700 | Tomb:2   | Noticed a greater mummy
 50701 | Tomb:2   | Noticed a greater mummy
 50709 | Tomb:2   | Noticed a greater mummy
 50714 | Tomb:2   | Killed a greater mummy
 50714 | Tomb:2   | Noticed a greater mummy
 50719 | Tomb:2   | Noticed a greater mummy
 50726 | Tomb:2   | Killed a greater mummy
 50726 | Tomb:2   | Killed a greater mummy
 50756 | Tomb:2   | Killed a greater mummy
 50760 | Tomb:2   | Killed a greater mummy
 51549 | Tomb:1   | Identified the +4 plate armour of Begonk {Dex+2} (You found
                  | it on level 1 of the Tomb of the Ancients)
 51849 | Vaults:1 | You fall into a shaft and drop 1 floor!
 51853 | Vaults:2 | You fall into a shaft and drop 2 floors!
 51916 | Vaults:5 | Entered Level 5 of the Vaults
 51973 | Vaults:5 | Identified the cursed +0 falchion "Wuzeboas" {venom, +Blink
                  | +Inv rF+++ Str-4}
 51991 | Vaults:5 | Reached skill level 27 in Earth Magic
 52020 | Vaults:4 | Learned a level 9 spell: Tornado
 52063 | Vaults:5 | Identified the amulet "Aren" {Acrobat rC+}
 52649 | Vaults:5 | Got a silver rune of Zot
 52895 | Vaults:5 | Identified Sif Muna's Collected Works on Creative Snow
 53180 | Vaults:5 | Got a warped hand axe
 53182 | Vaults:5 | Got a smoking spear
 53192 | Vaults:5 | Got a dazzling hunting sling
 53234 | Vaults:5 | Got a bloodstained great mace
 53333 | Vaults:5 | Got a twisted quarterstaff
 53336 | Vaults:5 | Got a bloodstained hand axe
 53347 | Vaults:5 | Got an encrusted cloak
 53377 | Vaults:5 | Identified the +5 hand axe of Biyprag {holy, rF+ Str+2
                  | Stlth+} (You found it on level 5 of the Vaults)
 53385 | Vaults:5 | Identified the cursed +3 spear "Kucuvil" {drain, rPois}
                  | (You found it on level 5 of the Vaults)
 53406 | Vaults:5 | Identified the +0 cloak "Duweot" {rElec Regen+} (You found
                  | it on level 5 of the Vaults)
 53414 | Vaults:5 | Identified the +7 great mace of Siphirphi {holy, rF+ Dex-5
                  | SInv} (You found it on level 5 of the Vaults)
 53417 | Vaults:5 | Identified the +9 quarterstaff of Irchuh {flame, rC+ Str+2
                  | Int+3} (You found it on level 5 of the Vaults)
 53420 | Vaults:5 | Identified the cursed +1 hunting sling "Efeuky" {freeze,
                  | *Corrode rPois rN+} (You found it on level 5 of the Vaults)
 53424 | Vaults:5 | Identified the +9 hand axe of Untruth {flame, Int+4} (You
                  | found it on level 5 of the Vaults)
 53439 | Vaults:5 | Learned a level 2 spell: Shroud of Golubria
 53751 | Tomb:3   | Entered Level 3 of the Tomb of the Ancients
 53764 | Tomb:3   | Noticed a greater mummy
 53771 | Tomb:3   | Noticed a greater mummy
 53772 | Tomb:3   | Reached skill level 10 in Air Magic
 53773 | Tomb:3   | Killed a greater mummy
 53773 | Tomb:3   | Noticed a greater mummy
 53774 | Tomb:3   | Noticed a greater mummy
 53782 | Tomb:3   | Noticed a greater mummy
 53801 | Tomb:2   | Killed a greater mummy
 53892 | Tomb:3   | Killed a greater mummy
 53898 | Tomb:3   | Killed a greater mummy
 53898 | Tomb:3   | Killed a greater mummy
 53966 | Tomb:3   | Noticed a greater mummy
 53970 | Tomb:3   | Noticed an ancient lich
 53975 | Tomb:3   | Noticed a greater mummy
 53979 | Tomb:3   | Killed a greater mummy
 53979 | Tomb:3   | Killed an ancient lich
 53984 | Tomb:3   | Killed a greater mummy
 53992 | Tomb:3   | Noticed a greater mummy
 54006 | Tomb:3   | Killed a greater mummy
 54172 | Tomb:3   | Got a sparkling pewter ring
 54323 | Tomb:3   | Found the +8 autumn katana {vorpal, Clar}
 54369 | Tomb:3   | Got a shimmering lead ring
 54456 | Tomb:3   | Got a golden rune of Zot
 54568 | Tomb:3   | Got a faintly glowing bone ring
 54619 | Tomb:3   | Got a scorched mace
 54644 | Tomb:3   | Got a translucent flail
 54648 | Tomb:3   | Got a jewelled hand axe
 54650 | Tomb:3   | Got a brightly glowing glaive
 54658 | Tomb:3   | Identified the +11 glaive "Lemuepn" {freeze, rElec} (You
                  | found it on level 3 of the Tomb of the Ancients)
 54659 | Tomb:3   | Identified the +8 mace of Dejy {vorpal, MR+ SInv} (You
                  | found it on level 3 of the Tomb of the Ancients)
 54662 | Tomb:3   | Identified the +7 flail of the Original Sin {protect, rElec
                  | Str+4 Dex-5 SInv} (You found it on level 3 of the Tomb of
                  | the Ancients)
 54665 | Tomb:3   | Identified the +7 hand axe "Cesopypo" {vorpal, +Blink
                  | Int+4} (You found it on level 3 of the Tomb of the
                  | Ancients)
 54674 | Tomb:3   | Identified the ring of Ushriet {rPois rF+ rC+ Int-4} (You
                  | found it on level 3 of the Tomb of the Ancients)
 54677 | Tomb:3   | Identified the cursed ring "Deisuydgh" {rPois rC+ MR+ AC-4
                  | Str+3 Dex-4} (You found it on level 3 of the Tomb of the
                  | Ancients)
 54683 | Tomb:3   | Identified the ring of Povvuec {Wiz rN+ Dex+4 Stlth+} (You
                  | found it on level 3 of the Tomb of the Ancients)
 54703 | Tomb:3   | Acquired 1690 gold pieces
 54704 | Tomb:3   | Acquired 330 gold pieces
 54713 | Tomb:3   | Bought a glowing tower shield for 322 gold pieces
 54713 | Tomb:3   | Bought a pair of heavily runed gloves for 408 gold pieces
 54734 | Tomb:3   | Identified the cursed -6 pair of gloves of Hedge Wizardry
                  | {*Contam Int+5} (You bought it in a shop on level 3 of the
                  | Tomb of the Ancients)
 54760 | Tomb:3   | Bought a scroll of identify for 48 gold pieces
 54760 | Tomb:3   | Bought a potion of mutation for 192 gold pieces
 54760 | Tomb:3   | Bought a scroll of identify for 48 gold pieces
 54760 | Tomb:3   | Bought a potion of heal wounds for 120 gold pieces
 54770 | Tomb:3   | Lost mutation: Your muscles are strong. (Str +2) [potion of
                  | mutation]
 54770 | Tomb:3   | Lost mutation: You are partially covered in slimy green
                  | scales. (AC +2) [potion of mutation]
 54770 | Tomb:3   | Lost mutation: You are partially covered in icy blue
                  | scales. (AC +2) [potion of mutation]
 54770 | Tomb:3   | Gained mutation: You are frail. (-10% HP) [potion of
                  | mutation]
 54770 | Tomb:3   | Gained mutation: Armour fits poorly on your strangely
                  | shaped body. [potion of mutation]
 54770 | Tomb:3   | Gained mutation: You have sharp toenails. [potion of
                  | mutation]
 54771 | Tomb:3   | Lost mutation: You are frail. (-10% HP) [potion of
                  | mutation]
 54771 | Tomb:3   | Lost mutation: You have sharp toenails. [potion of
                  | mutation]
 54771 | Tomb:3   | Gained mutation: You are dopey. (Int -2) [potion of
                  | mutation]
 54771 | Tomb:3   | Gained mutation: Your flesh is heat resistant. (rF+)
                  | [potion of mutation]
 54772 | Tomb:3   | Lost mutation: You are dopey. (Int -2) [potion of mutation]
 54772 | Tomb:3   | Lost mutation: Armour fits poorly on your strangely shaped
                  | body. [potion of mutation]
 54772 | Tomb:3   | Lost mutation: Your flesh is heat resistant. (rF+) [potion
                  | of mutation]
 54772 | Tomb:3   | Gained mutation: You are partially covered in thin metallic
                  | scales. (AC +2) [potion of mutation]
 54772 | Tomb:3   | Gained mutation: You expend magic power (3 MP) to
                  | strengthen your wands. [potion of mutation]
 54772 | Tomb:3   | Gained mutation: You are robust. (+10% HP) [potion of
                  | mutation]
 54803 | Zig:1    | Entered Level 1 of a ziggurat
 54841 | Zig:2    | Entered Level 2 of a ziggurat
 54884 | Zig:3    | Entered Level 3 of a ziggurat
 54924 | Zig:4    | Entered Level 4 of a ziggurat
 54927 | Zig:4    | Noticed an ancient lich
 54929 | Zig:4    | Killed an ancient lich
 54947 | Zig:4    | Got an ancient hand axe
 54948 | Zig:4    | Identified the +9 hand axe of Ruraoh {drain, MR+ MP+9} (You
                  | found it on level 4 of a ziggurat)
 54971 | Zig:5    | Entered Level 5 of a ziggurat
 55065 | Zig:6    | Entered Level 6 of a ziggurat
 55116 | Zig:6    | Got a slimy spear
 55117 | Zig:6    | Identified the +11 spear of Domination {freeze, +Fly rPois
                  | Str+4} (You found it on level 6 of a ziggurat)
 55146 | Zig:7    | Entered Level 7 of a ziggurat
 55221 | Zig:8    | Entered Level 8 of a ziggurat
 55305 | Zig:8    | Got a steaming morningstar
 55333 | Zig:9    | Entered Level 9 of a ziggurat
 55345 | Zig:9    | Reached skill level 15 in Armour
 55365 | Zig:9    | Identified Liusick's Handbook of Flying Conjuration
 55446 | Zig:10   | Entered Level 10 of a ziggurat
 55460 | Zig:10   | Noticed a juggernaut
 55480 | Zig:10   | Killed a juggernaut
 55516 | Zig:10   | Identified Sif Muna's Guide on Transformation and
                  | Necromancy
 55519 | Zig:10   | Got a wavering granite ring
 55564 | Zig:11   | Entered Level 11 of a ziggurat
 55695 | Zig:11   | Got a brightly glowing fustibalus
 55700 | Zig:11   | Identified the +7 morningstar of the Beginning {flame,
                  | rElec MR+++ Int-3 Dex-2} (You found it on level 8 of a
                  | ziggurat)
 55702 | Zig:11   | Identified the +11 fustibalus of Descent {venom, rPois
                  | Str+6 Dex+6} (You found it on level 11 of a ziggurat)
 55703 | Zig:11   | Identified the cursed ring "Wouv" {rElec rC+ EV-4 Str+2
                  | Dex+2} (You found it on level 10 of a ziggurat)
 55706 | Zig:11   | Reached skill level 15 in Air Magic
 55715 | Zig:12   | Entered Level 12 of a ziggurat
 55857 | Zig:13   | Entered Level 13 of a ziggurat
 55897 | Zig:13   | Found the +3 giant club "Skullcrusher" {speed, Str+7}
 55903 | Zig:13   | Found the +6 shillelagh "Devastator" {shatter}
 55928 | Zig:13   | Identified the Handbook of Excruciating Poison
 55932 | Zig:13   | Identified the Guide on Confrontation and Snow
 55934 | Zig:13   | Identified the Papyrus of Creative Flames
 56004 | Zig:13   | Got a smoking lajatang
 56032 | Zig:14   | Entered Level 14 of a ziggurat
 56048 | Zig:14   | Found the +3 sling "Punk" {acid, rCorr}
 56049 | Zig:14   | Found the +2 shield of Resistance {rF+ rC+ MR+}
 56175 | Zig:14   | Got a jewelled hand crossbow
 56179 | Zig:14   | Identified the +6 lajatang "Hobus" {vorpal, rPois} (You
                  | found it on level 13 of a ziggurat)
 56182 | Zig:14   | Identified the +6 hand crossbow "Killer Bee's Bane" {elec,
                  | Int+2} (You found it on level 14 of a ziggurat)
 56213 | Zig:15   | Entered Level 15 of a ziggurat
 56226 | Zig:15   | Noticed a greater mummy
 56226 | Zig:15   | Noticed a greater mummy
 56231 | Zig:15   | Killed a greater mummy
 56231 | Zig:15   | Noticed a greater mummy
 56237 | Zig:15   | Killed a greater mummy
 56249 | Zig:15   | Killed a greater mummy
 56270 | Zig:15   | Found the +8 arc blade {discharge, rElec}
 56399 | Zig:15   | Got a bloodstained mace
 56409 | Zig:15   | Got a shimmering short sword
 56410 | Zig:15   | Identified the cursed +2 short sword "Sule" {vorpal, rC+
                  | rN+ MR- Str+5} (You found it on level 15 of a ziggurat)
 56414 | Zig:15   | Identified the +2 mace "Orb Guardian's Regret" {pain, rF+}
                  | (You found it on level 15 of a ziggurat)
 56427 | Zig:16   | Entered Level 16 of a ziggurat
 56434 | Zig:16   | Noticed a shard shrike
 56442 | Zig:16   | Killed a shard shrike
 56466 | Zig:16   | Noticed a shard shrike
 56485 | Zig:16   | Killed a shard shrike
 56612 | Zig:16   | Identified the Catalogue of Unstable Snow
 56631 | Zig:16   | Got a translucent dire flail
 56638 | Zig:16   | Identified the +2 dire flail of Grim True Grit {vamp, +Rage
                  | rC+ Int-5} (You found it on level 16 of a ziggurat)
 56645 | Zig:17   | Entered Level 17 of a ziggurat
 56762 | Zig:17   | Identified the Collected Works on Battle Magic and the
                  | Voyage
 56827 | Zig:17   | Got a masterwork hunting sling
 56828 | Zig:17   | Identified the +11 hunting sling of Sunlight {venom, rPois
                  | rF+ rN+ Stlth+} (You found it on level 17 of a ziggurat)
 56835 | Zig:18   | Entered Level 18 of a ziggurat
 56966 | Zig:18   | Got a heavily runed amber ring
 56975 | Zig:18   | Got a steaming sapphire amulet
 56997 | Zig:18   | Got an iridescent trident
 56999 | Zig:18   | Got a steaming scimitar
 57003 | Zig:18   | Got a brightly glowing robe
 57006 | Zig:18   | Got a jewelled whip
 57008 | Zig:18   | Identified the cursed +3 whip "Colaokk" {venom, rPois
                  | Dex+4} (You found it on level 18 of a ziggurat)
 57015 | Zig:18   | Identified the cursed +1 trident "Goaguij" {elec, +Inv
                  | Int+4} (You found it on level 18 of a ziggurat)
 57019 | Zig:18   | Identified the +9 scimitar "Ogamyops" {drain, rPois Dex+6}
                  | (You found it on level 18 of a ziggurat)
 57029 | Zig:18   | Identified the ring of Creativity {*Slow +Inv +Fly MR+
                  | Slay-6} (You found it on level 18 of a ziggurat)
 57033 | Zig:18   | Identified the amulet of Stoicism {rPois Regen+} (You found
                  | it on level 18 of a ziggurat)
 57062 | Zig:19   | Entered Level 19 of a ziggurat
 57083 | Zig:19   | Noticed a juggernaut
 57083 | Zig:19   | Noticed a juggernaut
 57084 | Zig:19   | Noticed a juggernaut
 57084 | Zig:19   | Noticed a juggernaut
 57091 | Zig:19   | Killed a juggernaut
 57092 | Zig:19   | Killed a juggernaut
 57098 | Zig:19   | Killed a juggernaut
 57098 | Zig:19   | Killed a juggernaut
 57226 | Zig:19   | Got a transparent brass ring
 57259 | Zig:19   | Got a brightly glowing rapier
 57264 | Zig:19   | Identified the +8 rapier "Rorit" {vorpal, rC++} (You found
                  | it on level 19 of a ziggurat)
 57276 | Zig:20   | Entered Level 20 of a ziggurat
 57374 | Zig:20   | Found the ring of the Octopus King
 57418 | Zig:20   | Got a crude jade amulet
 57420 | Zig:20   | Got a ring of the Octopus King
 57422 | Zig:20   | Got a crude iron ring
 57425 | Zig:20   | Identified the Tome of Creative Confrontation
 57477 | Zig:20   | Got a crystal eveningstar
 57479 | Zig:20   | Identified the +3 eveningstar of a sewer {antimagic, rF+}
                  | (You found it on level 20 of a ziggurat)
 57511 | Zig:21   | Entered Level 21 of a ziggurat
 57598 | Zig:21   | Identified Sif Muna's Disquisition on Companions and the
                  | Frostbite
 57606 | Zig:21   | Identified the Collected Works on Weightlessness
 57749 | Zig:21   | Got a polished quarterstaff
 57755 | Zig:21   | Identified the amulet of Owue {Reflect rF+ SH+5} (You found
                  | it on level 20 of a ziggurat)
 57757 | Zig:21   | Identified the +5 quarterstaff of Infection {vorpal, rF+
                  | rC+ Str+3 Dex-5} (You found it on level 21 of a ziggurat)
 57759 | Zig:21   | Identified a ring of the Octopus King {AC+1 EV+1 Str+1
                  | Int+1 Dex+1 SInv} (You found it on level 20 of a ziggurat)
 57761 | Zig:21   | Identified the ring "Jurghasu" {rF+ rN+ MR+ Dex+5} (You
                  | found it on level 20 of a ziggurat)
 57763 | Zig:21   | Identified the ring "Eto Biu" {*Slow rN+ Str+3 Stlth+} (You
                  | found it on level 19 of a ziggurat)
 57784 | Zig:22   | Entered Level 22 of a ziggurat
 57813 | Zig:22   | Noticed Quejid the pandemonium lord
 57844 | Zig:22   | Killed Quejid the pandemonium lord
 57887 | Zig:22   | Identified the Almanac of the Noxious Compass
 57979 | Zig:22   | Got an ebony glaive
 57984 | Zig:22   | Got a warped fustibalus
 58000 | Zig:22   | Identified the cursed +2 glaive of Feemim {holy, rElec rF+
                  | rC- Int+3} (You found it on level 22 of a ziggurat)
 58003 | Zig:22   | Identified the +1 fustibalus of Honour {freeze, rPois rN+}
                  | (You found it on level 22 of a ziggurat)
 58016 | Zig:23   | Entered Level 23 of a ziggurat
 58193 | Zig:23   | Identified the Tome of Boosting Damage Dealing
 58199 | Zig:23   | Got a crude lapis lazuli ring
 58202 | Zig:23   | Identified the Reference Book on Combat Magic
 58206 | Zig:23   | Got a vibrating steel ring
 58268 | Zig:23   | Got a glimmering spear
 58276 | Zig:23   | Got an iridescent mace
 58278 | Zig:23   | Identified the +6 mace of Glory {vorpal, rN+++ MR- Int+3}
                  | (You found it on level 23 of a ziggurat)
 58281 | Zig:23   | Identified the +6 spear "Weit" {vorpal, *Noise Int+10} (You
                  | found it on level 23 of a ziggurat)
 58307 | Zig:24   | Entered Level 24 of a ziggurat
 58336 | Zig:24   | Reached skill level 5 in Stealth
 58466 | Zig:24   | Got a vibrating ivory amulet
 58556 | Zig:25   | Entered Level 25 of a ziggurat
 58574 | Zig:25   | Noticed a greater mummy
 58575 | Zig:25   | Noticed a greater mummy
 58577 | Zig:25   | Noticed a greater mummy
 58578 | Zig:25   | Noticed a greater mummy
 58578 | Zig:25   | Noticed a greater mummy
 58579 | Zig:25   | Noticed a greater mummy
 58581 | Zig:25   | Noticed a greater mummy
 58584 | Zig:25   | Noticed a greater mummy
 58585 | Zig:25   | Noticed a greater mummy
 58586 | Zig:25   | Killed a greater mummy
 58586 | Zig:25   | Killed a greater mummy
 58586 | Zig:25   | Killed a greater mummy
 58587 | Zig:25   | Killed a greater mummy
 58587 | Zig:25   | Noticed a greater mummy
 58588 | Zig:25   | Killed a greater mummy
 58588 | Zig:25   | Killed a greater mummy
 58590 | Zig:25   | Noticed a greater mummy
 58597 | Zig:25   | Killed a greater mummy
 58599 | Zig:25   | Killed a greater mummy
 58599 | Zig:25   | Killed a greater mummy
 58606 | Zig:25   | Killed a greater mummy
 58608 | Zig:25   | Killed a greater mummy
 58627 | Zig:25   | Found the brooch of Shielding {Spirit SH+8}
 58776 | Zig:25   | Identified Eluur's Grimoire of Unholy Rituals
 58780 | Zig:25   | Identified Hijinwent's Catalogue of Curses
 58791 | Zig:25   | Got a fine marble ring
 58870 | Zig:25   | Got an ancient hand axe
 58871 | Zig:25   | Identified the +3 hand axe "Boynu" {vorpal, rF+ Str+2} (You
                  | found it on level 25 of a ziggurat)
 58881 | Zig:25   | Got translucent acid dragon scales
 58892 | Zig:25   | Identified the +0 acid dragon scales "Huned" {rCorr Str+5}
                  | (You found it on level 25 of a ziggurat)
 58907 | Zig:25   | Lost mutation: You expend magic power (3 MP) to strengthen
                  | your wands. [potion of mutation]
 58907 | Zig:25   | Lost mutation: You are partially covered in thin metallic
                  | scales. (AC +2) [potion of mutation]
 58907 | Zig:25   | Lost mutation: You are robust. (+10% HP) [potion of
                  | mutation]
 58907 | Zig:25   | Gained mutation: You are surrounded by a mild repulsion
                  | field. (EV +2) [potion of mutation]
 58907 | Zig:25   | Gained mutation: You have very sharp teeth. [potion of
                  | mutation]
 58908 | Zig:25   | Lost mutation: You are surrounded by a mild repulsion
                  | field. (EV +2) [potion of mutation]
 58908 | Zig:25   | Gained mutation: You possess an exceptional clarity of
                  | mind. [potion of mutation]
 58908 | Zig:25   | Gained mutation: Your mind is acute. (Int +2) [potion of
                  | mutation]
 58908 | Zig:25   | Gained mutation: You are covered in fur. (AC +1) [potion of
                  | mutation]
 58918 | Zig:26   | Entered Level 26 of a ziggurat
 58963 | Zig:26   | Reached skill level 10 in Stealth
 58964 | Zig:26   | Reached skill level 10 in Dodging
 59310 | Zig:26   | Got a wavering iron ring
 59358 | Zig:26   | Identified the ring of Daecacw {rF- rN+ Str+6 Dex+6} (You
                  | found it on level 23 of a ziggurat)
 59360 | Zig:26   | Identified the ring "Fioclun" {rC+ MP-9 Str+7 Dex-2 Slay+3}
                  | (You found it on level 23 of a ziggurat)
 59362 | Zig:26   | Identified the amulet of Eternal Night {Faith Str+4 SInv}
                  | (You found it on level 24 of a ziggurat)
 59364 | Zig:26   | Identified the ring "Kaneqim" {*Tele rPois rN+ MP-9 Stlth+}
                  | (You found it on level 25 of a ziggurat)
 59366 | Zig:26   | Identified the ring of Leaves {+Fly rC+ rN+ SInv} (You
                  | found it on level 26 of a ziggurat)
 59371 | Zig:26   | Got a masterwork fustibalus
 59372 | Zig:26   | Identified the +8 fustibalus "Sukoas" {venom, +Inv} (You
                  | found it on level 26 of a ziggurat)
 59392 | Zig:27   | Entered Level 27 of a ziggurat
 59561 | Zig:27   | Found the amulet of the Four Winds {rN+ MR+++ Clar}
 59572 | Zig:27   | Identified the Incunabulum of Ghastly Good Luck
 59577 | Zig:27   | Identified the Incunabulum of the Unstable Frostbite
 59586 | Zig:27   | Identified the Collected Works on the Frigorific Oath
 59594 | Zig:27   | Got a scorched steel ring
 59689 | Zig:27   | Got a pair of spiked boots
 59713 | Zig:27   | Identified the cursed -7 pair of boots "Noethrych" {Int+6}
                  | (You found it on level 27 of a ziggurat)
 59715 | Zig:27   | Identified the ring "Uxkad" {Ice MR- Int+5 Dex+3} (You
                  | found it on level 27 of a ziggurat)
 59720 | Zig:27   | Got a translucent quarterstaff
 59721 | Zig:27   | Identified the +7 quarterstaff "Bifa" {vorpal, Int+2} (You
                  | found it on level 27 of a ziggurat)
 59727 | Zig:27   | Got an encrusted falchion
 59729 | Zig:27   | Identified the +7 falchion of Puono {holy, rElec rPois rF-}
                  | (You found it on level 27 of a ziggurat)
 59734 | Zig:27   | Got a bloodstained hand axe
 59735 | Zig:27   | Identified the +3 hand axe of Sequestration {freeze,
                  | *Corrode MR+ Dex+3} (You found it on level 27 of a
                  | ziggurat)
 59802 | Tomb:3   | Bought a scroll of identify for 40 gold pieces
 59802 | Tomb:3   | Bought a scroll of identify for 40 gold pieces
 59802 | Tomb:3   | Bought a scroll of immolation for 70 gold pieces
 59809 | Tomb:3   | Acquired 2740 gold pieces
 59810 | Tomb:3   | Acquired 1110 gold pieces
 59811 | Tomb:3   | Acquired 1060 gold pieces
 59812 | Tomb:3   | Acquired 3210 gold pieces
 59813 | Tomb:3   | Acquired 1650 gold pieces
 59814 | Tomb:3   | Acquired 1980 gold pieces
 59815 | Tomb:3   | Acquired 440 gold pieces
 59825 | Tomb:3   | Bought the amulet "Qilo" {RegenMP rPois Int+5} for 775 gold
                  | pieces
 59829 | Tomb:3   | Bought a pair of pitted boots for 342 gold pieces
 59839 | Tomb:3   | Identified the +2 pair of boots the Grand Tarantula {rC-
                  | MR++ Dex+2} (You bought it in a shop on level 3 of the Tomb
                  | of the Ancients)
 59873 | Tomb:3   | Learned a level 8 spell: Death's Door
 59880 | Tomb:3   | Learned a level 6 spell: Darkness
 59886 | Tomb:3   | Learned a level 5 spell: Aura of Abjuration
 59891 | Zig:1    | Entered Level 1 of a ziggurat
 59927 | Zig:2    | Entered Level 2 of a ziggurat
 59930 | Zig:2    | Noticed Hekh the pandemonium lord
 59936 | Zig:2    | Killed Hekh the pandemonium lord
 59937 | Zig:2    | Reached skill level 1 in Hexes
 59975 | Zig:3    | Entered Level 3 of a ziggurat
 60031 | Zig:4    | Entered Level 4 of a ziggurat
 60051 | Zig:4    | Got a bound gossamer ring
 60095 | Zig:5    | Entered Level 5 of a ziggurat
 60099 | Zig:5    | Noticed Moixyukk the pandemonium lord
 60099 | Zig:5    | Noticed a Killer Klown
 60100 | Zig:5    | Noticed a Killer Klown
 60108 | Zig:5    | Killed a Killer Klown
 60108 | Zig:5    | Killed Moixyukk the pandemonium lord
 60108 | Zig:5    | Killed a Killer Klown
 60169 | Zig:6    | Entered Level 6 of a ziggurat
 60238 | Zig:7    | Entered Level 7 of a ziggurat
 60307 | Zig:8    | Entered Level 8 of a ziggurat
 60373 | Zig:8    | Identified the Compendium of Creation
 60375 | Zig:8    | Identified the Grimoire of Assistive Orientation
 60418 | Zig:9    | Entered Level 9 of a ziggurat
 60458 | Zig:9    | Identified the Papyrus of Venomous Lightness
 60467 | Zig:9    | Got a faintly glowing jade amulet
 60505 | Zig:10   | Entered Level 10 of a ziggurat
 60568 | Zig:10   | Found the ring of Phasing {EV+8}
 60603 | Zig:10   | Identified the Volume of the Harmful Oath
 60630 | Zig:10   | Identified the cursed ring of Nutue {+Fly Dex-4} (You found
                  | it on level 4 of a ziggurat)
 60632 | Zig:10   | Identified the amulet of Izior {Faith rF+} (You found it on
                  | level 9 of a ziggurat)
 60646 | Zig:11   | Entered Level 11 of a ziggurat
 60657 | Zig:11   | Reached skill level 5 in Hexes
 60755 | Zig:12   | Entered Level 12 of a ziggurat
 60779 | Zig:12   | Reached skill level 5 in Summonings
 60781 | Zig:12   | Found the +7 lajatang of Order {silver, rMut}
 60877 | Zig:12   | Got a flickering pewter ring
 60928 | Zig:13   | Entered Level 13 of a ziggurat
 60960 | Zig:13   | Got a warped lead ring
 61019 | Zig:13   | Got a steaming ivory ring
 61023 | Zig:13   | Identified the Papyrus of the Voyage and the Rocks
 61068 | Zig:13   | Got an encrusted great sword
 61070 | Zig:13   | Identified the +5 great sword of the Extremely Mad {venom,
                  | Dex+7} (You found it on level 13 of a ziggurat)
 61075 | Zig:13   | Identified the ring of Ukosedghe {rN+ EV+4} (You found it
                  | on level 12 of a ziggurat)
 61077 | Zig:13   | Identified the ring of Xom's Best Wishes {rElec rC+ Int+5
                  | Dex-5} (You found it on level 13 of a ziggurat)
 61079 | Zig:13   | Identified the ring "Kosep" {rF+ rC+ EV+4 Int-5 SInv} (You
                  | found it on level 13 of a ziggurat)
 61091 | Zig:14   | Entered Level 14 of a ziggurat
 61113 | Zig:14   | Reached skill level 15 in Fighting
 61200 | Zig:14   | Identified the Tome of Sinister Ice
 61220 | Zig:15   | Entered Level 15 of a ziggurat
 61335 | Zig:15   | Identified the Reference Book on Lethal Evil
 61392 | Zig:16   | Entered Level 16 of a ziggurat
 61399 | Zig:16   | Noticed an ancient lich
 61400 | Zig:16   | Noticed an ancient lich
 61401 | Zig:16   | Noticed an ancient lich
 61401 | Zig:16   | Noticed an ancient lich
 61402 | Zig:16   | Noticed an ancient lich
 61404 | Zig:16   | Noticed an ancient lich
 61405 | Zig:16   | Killed an ancient lich
 61405 | Zig:16   | Killed an ancient lich
 61406 | Zig:16   | Killed an ancient lich
 61406 | Zig:16   | Killed an ancient lich
 61407 | Zig:16   | Killed an ancient lich
 61407 | Zig:16   | Reached skill level 15 in Stealth
 61408 | Zig:16   | Reached skill level 15 in Dodging
 61414 | Zig:16   | Killed an ancient lich
 61478 | Zig:16   | Got a scintillating bronze amulet
 61510 | Zig:16   | Got a brightly glowing graven amulet
 61545 | Zig:16   | Identified the amulet of Xesoteb {Faith rPois rC+++ Dex-5
                  | Slay-5} (You found it on level 16 of a ziggurat)
 61547 | Zig:16   | Identified the amulet of Dovaohu {RegenMP +Inv MR+++ Int-4
                  | SInv} (You found it on level 16 of a ziggurat)
 61553 | Zig:17   | Entered Level 17 of a ziggurat
 61561 | Zig:17   | Noticed a greater mummy
 61561 | Zig:17   | Noticed a greater mummy
 61562 | Zig:17   | Noticed a greater mummy
 61562 | Zig:17   | Noticed a greater mummy
 61562 | Zig:17   | Noticed a greater mummy
 61563 | Zig:17   | Noticed a greater mummy
 61563 | Zig:17   | Noticed a greater mummy
 61564 | Zig:17   | Noticed a greater mummy
 61564 | Zig:17   | Noticed a greater mummy
 61567 | Zig:17   | Noticed a greater mummy
 61567 | Zig:17   | Noticed a greater mummy
 61569 | Zig:17   | Noticed a greater mummy
 61570 | Zig:17   | Killed a greater mummy
 61570 | Zig:17   | Killed a greater mummy
 61570 | Zig:17   | Killed a greater mummy
 61570 | Zig:17   | Killed a greater mummy
 61570 | Zig:17   | Killed a greater mummy
 61570 | Zig:17   | Killed a greater mummy
 61570 | Zig:17   | Killed a greater mummy
 61571 | Zig:17   | Killed a greater mummy
 61571 | Zig:17   | Killed a greater mummy
 61571 | Zig:17   | Killed a greater mummy
 61571 | Zig:17   | Killed a greater mummy
 61571 | Zig:17   | Noticed a greater mummy
 61585 | Zig:17   | Killed a greater mummy
 61596 | Zig:17   | Killed a greater mummy
 61596 | Zig:17   | Reached skill level 10 in Hexes
 61632 | Zig:17   | Identified the Grimoire of Intoxication and the Traveller
 61746 | Zig:18   | Entered Level 18 of a ziggurat
 61754 | Zig:18   | Noticed an ancient lich
 61761 | Zig:18   | Killed an ancient lich
 61879 | Zig:18   | Got a scorched bone ring
 61886 | Zig:18   | Identified the Handbook of Congealing Transmigration
 61934 | Zig:19   | Entered Level 19 of a ziggurat
 62082 | Zig:19   | Got a translucent golden amulet
 62099 | Zig:19   | Got a faintly glowing copper ring
 62101 | Zig:19   | Got a faintly glowing marble ring
 62121 | Zig:20   | Entered Level 20 of a ziggurat
 62133 | Zig:20   | Reached skill level 10 in Summonings
 62297 | Zig:20   | Found the +10 morningstar "Eos" {elec, Halo rElec}
 62301 | Zig:20   | Identified the Almanac of Shape Shifting
 62324 | Zig:20   | Identified the ring "Dushak" {rN+ Str+3} (You found it on
                  | level 18 of a ziggurat)
 62326 | Zig:20   | Identified the amulet "Usaly" {Acrobat *Corrode +Fly Str+3
                  | Dex+5} (You found it on level 19 of a ziggurat)
 62328 | Zig:20   | Identified the ring of Syarr {rPois Int+6 Dex+4} (You found
                  | it on level 19 of a ziggurat)
 62333 | Zig:20   | Identified the ring of the Shining Light {rPois MR- Str+4
                  | Int+9} (You found it on level 19 of a ziggurat)
 62337 | Zig:20   | Got a glittering wooden ring
 62338 | Zig:20   | Identified the ring of Arrival {Ice +Inv rElec MR+ Stlth-}
                  | (You found it on level 20 of a ziggurat)
 62362 | Zig:21   | Entered Level 21 of a ziggurat
 62604 | Zig:22   | Entered Level 22 of a ziggurat
 62763 | Zig:22   | Got a smoking bronze ring
 62766 | Zig:22   | Identified the Compendium of Ashen Lightness
 62825 | Zig:23   | Entered Level 23 of a ziggurat
 62844 | Zig:23   | Noticed Isap the pandemonium lord
 62856 | Zig:23   | Killed Isap the pandemonium lord
 62995 | Zig:23   | Identified Sif Muna's Catalogue of Cankerous Ice
 63002 | Zig:23   | Got a glittering copper ring
 63010 | Zig:23   | Got a clouded steel ring
 63089 | Zig:24   | Entered Level 24 of a ziggurat
 63290 | Zig:24   | Identified the cursed ring "Ithynece" {*Corrode rElec rPois
                  | AC-4 Str-5} (You found it on level 22 of a ziggurat)
 63293 | Zig:24   | Identified the ring "Estowu" {+Inv MR+ Str-2 Dex+3 SInv}
                  | (You found it on level 23 of a ziggurat)
 63295 | Zig:24   | Identified the ring of Ebiyrapp {Str+4 SInv Stlth+} (You
                  | found it on level 23 of a ziggurat)
 63305 | Zig:24   | Got a sparkling glass ring
 63319 | Zig:24   | Got a translucent steel ring
 63363 | Zig:24   | Identified the cursed ring "Ekagg" {rF+ AC-4 Str+2 Dex+2}
                  | (You found it on level 24 of a ziggurat)
 63365 | Zig:24   | Identified the ring of Miracles {Str+5 Stlth+} (You found
                  | it on level 24 of a ziggurat)
 63376 | Zig:25   | Entered Level 25 of a ziggurat
 63413 | Zig:25   | Reached skill level 5 in Throwing
 63543 | Zig:25   | Got a scintillating jade amulet
 63689 | Zig:26   | Entered Level 26 of a ziggurat
 63701 | Zig:26   | Noticed an ancient lich
 63704 | Zig:26   | Noticed an ancient lich
 63706 | Zig:26   | Noticed an ancient lich
 63706 | Zig:26   | Killed an ancient lich
 63707 | Zig:26   | Noticed an ancient lich
 63707 | Zig:26   | Noticed an ancient lich
 63715 | Zig:26   | Killed an ancient lich
 63716 | Zig:26   | Killed an ancient lich
 63718 | Zig:26   | Killed an ancient lich
 63718 | Zig:26   | Killed an ancient lich
 63722 | Zig:26   | Reached skill level 10 in Throwing
 63747 | Zig:26   | Found the +8 lance "Wyrmbane" {slay drac, rPois rF+ rC+
                  | AC+3}
 63901 | Zig:26   | Identified the Guide on Creative Unholy Rituals
 63928 | Zig:26   | Identified the amulet "Qufanyn" {Inacc +Fly rF+} (You found
                  | it on level 25 of a ziggurat)
 63937 | Zig:27   | Entered Level 27 of a ziggurat
 63946 | Zig:27   | Noticed an ancient lich
 63947 | Zig:27   | Noticed an ancient lich
 63950 | Zig:27   | Killed an ancient lich
 63952 | Zig:27   | Killed an ancient lich
 63962 | Zig:27   | Noticed an ancient lich
 63963 | Zig:27   | Noticed an ancient lich
 63965 | Zig:27   | Killed an ancient lich
 63972 | Zig:27   | Killed an ancient lich
 64024 | Zig:27   | Found the +8 demon blade "Leech" {vamp, *Rage +Rage rN+}
 64129 | Zig:27   | Identified the Reference Book on Shifting Conjuration
 64134 | Zig:27   | Identified the Guide on the Doomed Compass
 64138 | Zig:27   | Identified the Collected Works on Displacement and the
                  | Mountains
 64172 | Tomb:3   | Bought the +1 cloak of Starlight {rElec rC+ EV+4 Stlth--}
                  | for 1023 gold pieces
 64172 | Tomb:3   | Found the +1 cloak of Starlight {rElec rC+ EV+4 Stlth--}
 64206 | Zig:1    | Entered Level 1 of a ziggurat
 64227 | Zig:2    | Entered Level 2 of a ziggurat
 64282 | Zig:3    | Entered Level 3 of a ziggurat
 64334 | Zig:4    | Entered Level 4 of a ziggurat
 64402 | Zig:5    | Entered Level 5 of a ziggurat
 64460 | Zig:6    | Entered Level 6 of a ziggurat
 64546 | Zig:7    | Entered Level 7 of a ziggurat
 64554 | Zig:7    | Found the +8 glaive of the Guard {elec, +Rage AC+5 SInv}
 64570 | Zig:7    | Identified the Grimoire of Displaced Calling
 64643 | Zig:8    | Entered Level 8 of a ziggurat
 64651 | Zig:8    | Noticed an ancient lich
 64656 | Zig:8    | Killed an ancient lich
 64729 | Zig:9    | Entered Level 9 of a ziggurat
 64732 | Zig:9    | Noticed a juggernaut
 64733 | Zig:9    | Noticed a juggernaut
 64734 | Zig:9    | Noticed a juggernaut
 64738 | Zig:9    | Noticed a juggernaut
 64741 | Zig:9    | Killed a juggernaut
 64741 | Zig:9    | Killed a juggernaut
 64742 | Zig:9    | Killed a juggernaut
 64743 | Zig:9    | Killed a juggernaut
 64749 | Zig:9    | Found the +10 dark maul {vorpal}
 64813 | Zig:10   | Entered Level 10 of a ziggurat
 64972 | Zig:11   | Entered Level 11 of a ziggurat
 65008 | Zig:11   | Found the +2 hat of the Bear Spirit {Spirit, +Rage rN+
                  | MR++}
 65044 | Zig:11   | Identified Kotaus's Compendium of Venom and the Rocks
 65155 | Zig:12   | Entered Level 12 of a ziggurat
 65168 | Zig:12   | Reached skill level 27 in Shields
 65223 | Zig:12   | Got a twitching bone ring
 65297 | Zig:13   | Entered Level 13 of a ziggurat
 65310 | Zig:13   | Reached skill level 15 in Ice Magic
 65554 | Zig:13   | Got a shimmering ivory ring
 65637 | Zig:13   | Identified the Reference Book on the Shifting Compass
 65651 | Zig:13   | Got a pair of shimmering boots
 65663 | Zig:13   | Identified the cursed +0 pair of boots "Hyfry" {-Cast rElec
                  | rC+++ MR+} (You found it on level 13 of a ziggurat)
 65733 | Zig:14   | Entered Level 14 of a ziggurat
 65833 | Zig:14   | Identified the Collected Works on Good Luck
 65865 | Zig:14   | Identified the Grimoire of Mutagenic Displacement
 65869 | Zig:14   | Got a scintillating iron ring
 65946 | Zig:15   | Entered Level 15 of a ziggurat
 65970 | Zig:15   | Reached skill level 27 in Air Magic
 66098 | Zig:15   | Identified Issacheng's Tome of Poisoning and Ignition
 66102 | Zig:15   | Identified the Collected Works on Entrancing Poison
 66107 | Zig:15   | Identified the ring "Tuthramuu" {*Tele rF++ rC- rN++} (You
                  | found it on level 12 of a ziggurat)
 66109 | Zig:15   | Identified the ring "Soikk" {*Tele rF+ Dex+2} (You found it
                  | on level 13 of a ziggurat)
 66111 | Zig:15   | Identified the ring of Iciesec {rPois Str+2 Dex+5} (You
                  | found it on level 14 of a ziggurat)
 66172 | Zig:15   | Lost mutation: Your mind is acute. (Int +2) [potion of
                  | mutation]
 66172 | Zig:15   | Lost mutation: You possess an exceptional clarity of mind.
                  | [potion of mutation]
 66172 | Zig:15   | Gained mutation: You are dopey. (Int -2) [potion of
                  | mutation]
 66172 | Zig:15   | Gained mutation: Your flesh is cold resistant. (rC+)
                  | [potion of mutation]
 66172 | Zig:15   | Gained mutation: You are clumsy. (Dex -2) [potion of
                  | mutation]
 66172 | Zig:15   | Gained mutation: You are somewhat resistant to further
                  | mutation. [potion of mutation]
 66173 | Zig:15   | Lost mutation: You are clumsy. (Dex -2) [potion of
                  | mutation]
 66173 | Zig:15   | Gained mutation: Your magical capacity is low. (-10% MP)
                  | [potion of mutation]
 66173 | Zig:15   | Gained mutation: Your spells are a little harder to cast,
                  | but a little more powerful. [potion of mutation]
 66174 | Zig:15   | Lost mutation: Your spells are a little harder to cast, but
                  | a little more powerful. [potion of mutation]
 66174 | Zig:15   | Lost mutation: You are somewhat resistant to further
                  | mutation. [potion of mutation]
 66174 | Zig:15   | Lost mutation: You are covered in fur. (AC +1) [potion of
                  | mutation]
 66174 | Zig:15   | Lost mutation: Your flesh is cold resistant. (rC+) [potion
                  | of mutation]
 66174 | Zig:15   | Gained mutation: Your body sometimes deteriorates upon
                  | taking damage. [potion of mutation]
 66174 | Zig:15   | Gained mutation: You are resistant to hostile enchantments.
                  | (MR+) [potion of mutation]
 66174 | Zig:15   | Gained mutation: You are highly resistant to hostile
                  | enchantments. (MR++) [potion of mutation]
 66175 | Zig:15   | Lost mutation: You are dopey. (Int -2) [potion of mutation]
 66175 | Zig:15   | Lost mutation: Your body sometimes deteriorates upon taking
                  | damage. [potion of mutation]
 66175 | Zig:15   | Gained mutation: Your muscles are strong. (Str +2) [potion
                  | of mutation]
 66175 | Zig:15   | Gained mutation: Your movements are slightly less
                  | encumbered by armour. (ER -2) [potion of mutation]
 66176 | Zig:15   | Lost mutation: Your magical capacity is low. (-10% MP)
                  | [potion of mutation]
 66176 | Zig:15   | Lost mutation: Your muscles are strong. (Str +2) [potion of
                  | mutation]
 66176 | Zig:15   | Lost mutation: You are highly resistant to hostile
                  | enchantments. (MR++) [potion of mutation]
 66176 | Zig:15   | Lost mutation: Your movements are slightly less encumbered
                  | by armour. (ER -2) [potion of mutation]
 66176 | Zig:15   | Gained mutation: Your body sometimes deteriorates upon
                  | taking damage. [potion of mutation]
 66176 | Zig:15   | Gained mutation: Your mind is acute. (Int +2) [potion of
                  | mutation]
 66177 | Zig:15   | Lost mutation: Your body sometimes deteriorates upon taking
                  | damage. [potion of mutation]
 66177 | Zig:15   | Lost mutation: Your mind is acute. (Int +2) [potion of
                  | mutation]
 66177 | Zig:15   | Lost mutation: You are resistant to hostile enchantments.
                  | (MR+) [potion of mutation]
 66177 | Zig:15   | Gained mutation: You are weak. (Str -2) [potion of
                  | mutation]
 66177 | Zig:15   | Gained mutation: You are partially covered in thin metallic
                  | scales. (AC +2) [potion of mutation]
 66178 | Zig:15   | Lost mutation: You are weak. (Str -2) [potion of mutation]
 66178 | Zig:15   | Lost mutation: You are partially covered in thin metallic
                  | scales. (AC +2) [potion of mutation]
 66178 | Zig:15   | Gained mutation: You passively map a small area around you.
                  | [potion of mutation]
 66178 | Zig:15   | Gained mutation: You have large cloven feet. [potion of
                  | mutation]
 66179 | Zig:15   | Lost mutation: You have large cloven feet. [potion of
                  | mutation]
 66179 | Zig:15   | Lost mutation: You passively map a small area around you.
                  | [potion of mutation]
 66179 | Zig:15   | Gained mutation: You are partially covered in molten
                  | scales. (AC +2) [potion of mutation]
 66179 | Zig:15   | Gained mutation: Your flesh is cold resistant. (rC+)
                  | [potion of mutation]
 66180 | Zig:15   | Lost mutation: Your flesh is cold resistant. (rC+) [potion
                  | of mutation]
 66180 | Zig:15   | Lost mutation: You are partially covered in molten scales.
                  | (AC +2) [potion of mutation]
 66180 | Zig:15   | Gained mutation: You are clumsy. (Dex -2) [potion of
                  | mutation]
 66180 | Zig:15   | Gained mutation: You evolve. [potion of mutation]
 66180 | Zig:15   | Gained mutation: Your muscles are strong. (Str +2) [potion
                  | of mutation]
 66180 | Zig:15   | Gained mutation: You are covered in fur. (AC +1) [potion of
                  | mutation]
 66181 | Zig:15   | Lost mutation: You are clumsy. (Dex -2) [potion of
                  | mutation]
 66181 | Zig:15   | Lost mutation: You evolve. [potion of mutation]
 66181 | Zig:15   | Gained mutation: You are dopey. (Int -2) [potion of
                  | mutation]
 66181 | Zig:15   | Gained mutation: You are surrounded by a mild repulsion
                  | field. (EV +2) [potion of mutation]
 66182 | Zig:15   | Lost mutation: You are dopey. (Int -2) [potion of mutation]
 66182 | Zig:15   | Lost mutation: You are surrounded by a mild repulsion
                  | field. (EV +2) [potion of mutation]
 66182 | Zig:15   | Gained mutation: You have an increased reservoir of magic.
                  | (+10% MP) [potion of mutation]
 66182 | Zig:15   | Gained mutation: Your mind is acute. (Int +2) [potion of
                  | mutation]
 66208 | Zig:15   | Learned a level 9 spell: Absolute Zero
 66216 | Zig:16   | Entered Level 16 of a ziggurat
 66226 | Zig:16   | Noticed Sippooch the pandemonium lord
 66227 | Zig:16   | Noticed Xuistin the pandemonium lord
 66227 | Zig:16   | Noticed Cahelur the pandemonium lord
 66228 | Zig:16   | Noticed Gaifol the pandemonium lord
 66228 | Zig:16   | Noticed a Killer Klown
 66229 | Zig:16   | Noticed Xaficsuh the pandemonium lord
 66229 | Zig:16   | Noticed Quoggux the pandemonium lord
 66229 | Zig:16   | Noticed a Killer Klown
 66229 | Zig:16   | Noticed a Killer Klown
 66229 | Zig:16   | Noticed Upteenlis the pandemonium lord
 66229 | Zig:16   | Noticed Qereif the pandemonium lord
 66230 | Zig:16   | Noticed Moamut the pandemonium lord
 66230 | Zig:16   | Noticed a Killer Klown
 66230 | Zig:16   | Noticed Xotosic the pandemonium lord
 66231 | Zig:16   | Noticed a Killer Klown
 66231 | Zig:16   | Noticed Heryof the pandemonium lord
 66231 | Zig:16   | Noticed Hekhum the pandemonium lord
 66234 | Zig:16   | Killed a Killer Klown
 66234 | Zig:16   | Noticed Oxzyutee the pandemonium lord
 66235 | Zig:16   | Killed Sippooch the pandemonium lord
 66235 | Zig:16   | Killed Gaifol the pandemonium lord
 66235 | Zig:16   | Killed a Killer Klown
 66236 | Zig:16   | Killed Quoggux the pandemonium lord
 66236 | Zig:16   | Killed Xuistin the pandemonium lord
 66236 | Zig:16   | Killed Moamut the pandemonium lord
 66262 | Zig:16   | Killed a Killer Klown
 66263 | Zig:16   | Killed Oxzyutee the pandemonium lord
 66263 | Zig:16   | Killed a Killer Klown
 66264 | Zig:16   | Killed Hekhum the pandemonium lord
 66269 | Zig:16   | Noticed a Killer Klown
 66272 | Zig:16   | Killed Heryof the pandemonium lord
 66272 | Zig:16   | Killed Cahelur the pandemonium lord
 66273 | Zig:16   | Killed Qereif the pandemonium lord
 66273 | Zig:16   | Killed a Killer Klown
 66274 | Zig:16   | Killed Upteenlis the pandemonium lord
 66274 | Zig:16   | Killed a Killer Klown
 66297 | Zig:16   | Killed Xotosic the pandemonium lord
 66312 | Zig:16   | Killed Xaficsuh the pandemonium lord
 66414 | Zig:16   | Got a wavering brass ring
 66493 | Zig:17   | Entered Level 17 of a ziggurat
 66503 | Zig:17   | Noticed an ancient lich
 66510 | Zig:17   | Killed an ancient lich
 66512 | Zig:17   | Noticed an ancient lich
 66515 | Zig:17   | Killed an ancient lich
 66615 | Zig:17   | Identified Peamu's Catalogue of Changing and Black Magic
 66627 | Zig:17   | Identified Feofumas's Catalogue of Excruciating Summoning
 66631 | Zig:17   | Got a wavering golden ring
 66750 | Zig:18   | Entered Level 18 of a ziggurat
 66938 | Zig:18   | Identified the Papyrus of Unholy Magic
 66948 | Zig:18   | Got a faintly glowing sapphire amulet
 67061 | Zig:19   | Entered Level 19 of a ziggurat
 67113 | Zig:19   | Found the +2 cloak of the Thief {+Fog Slay-2 SInv Stlth+}
 67304 | Zig:19   | Identified Yruawoj's Disquisition on Evil Rituals and
                  | Feathers
 67317 | Zig:19   | Got a clouded copper ring
 67424 | Zig:20   | Entered Level 20 of a ziggurat
 67441 | Zig:20   | Noticed an ancient lich
 67447 | Zig:20   | Killed an ancient lich
 67619 | Zig:20   | Identified the ring of Happiness {rPois Str+5 Int-2 Dex+2}
                  | (You found it on level 16 of a ziggurat)
 67621 | Zig:20   | Identified the ring of Oqeruy {Fire *Slow rN+ Int+3} (You
                  | found it on level 17 of a ziggurat)
 67623 | Zig:20   | Identified the amulet "Holo" {Reflect rElec Str+3 SH+5}
                  | (You found it on level 18 of a ziggurat)
 67625 | Zig:20   | Identified the ring "Pylugg" {rElec rF- rC+ MR+ SInv} (You
                  | found it on level 19 of a ziggurat)
 67630 | Zig:20   | Got a clouded steel ring
 67718 | Zig:20   | Identified the ring "Menyt" {rN+ Dex+3} (You found it on
                  | level 20 of a ziggurat)
 67742 | Zig:21   | Entered Level 21 of a ziggurat
 67754 | Zig:21   | Noticed a juggernaut
 67755 | Zig:21   | Noticed a juggernaut
 67755 | Zig:21   | Noticed a juggernaut
 67756 | Zig:21   | Noticed a juggernaut
 67759 | Zig:21   | Killed a juggernaut
 67760 | Zig:21   | Killed a juggernaut
 67769 | Zig:21   | Killed a juggernaut
 67770 | Zig:21   | Killed a juggernaut
 68018 | Zig:21   | Got a coiled ivory ring
 68104 | Zig:22   | Entered Level 22 of a ziggurat
 68122 | Zig:22   | Noticed an ancient lich
 68128 | Zig:22   | Killed an ancient lich
 68329 | Zig:22   | Found the +6 Majin-Bo {vamp, Archmagi MP+6 Int+6}
 68329 | Zig:22   | Found the +9 sword of Zonguldrok {reap}
 68346 | Zig:22   | Got a translucent golden amulet
 68350 | Zig:22   | Got a flickering bone ring
 68355 | Zig:22   | Identified the ring of Akkiu {Str+6 Dex+4} (You found it on
                  | level 21 of a ziggurat)
 68357 | Zig:22   | Identified the amulet of Happiness {Inacc *Contam rF+
                  | Dex+3} (You found it on level 22 of a ziggurat)
 68359 | Zig:22   | Identified the ring "Kituarusk" {Wiz Str+3} (You found it
                  | on level 22 of a ziggurat)
 68372 | Zig:22   | Identified Haifid's Tome of Snow and Curses
 68523 | Zig:23   | Entered Level 23 of a ziggurat
 68538 | Zig:23   | Noticed a juggernaut
 68542 | Zig:23   | Noticed a juggernaut
 68543 | Zig:23   | Reached skill level 27 in Stealth
 68557 | Zig:23   | Killed a juggernaut
 68558 | Zig:23   | Reached skill level 27 in Armour
 68559 | Zig:23   | Reached skill level 15 in Evocations
 68562 | Zig:23   | Killed a juggernaut
 68781 | Zig:23   | Found the +8 Wrath of Trog {antimagic, *Rage}
 68797 | Zig:23   | Identified the Papyrus of Boosts and Black Rituals
 68899 | Zig:24   | Entered Level 24 of a ziggurat
 68925 | Zig:24   | Noticed Ymmot the pandemonium lord
 68930 | Zig:24   | Killed from afar by a Brimstone Fiend

Illustrated notes

Levels and vault maps discovered:
D:1:      minmay_arrival_cross, layout_loops_ring, minmay_close_crescents
D:2:      layout_loops_ring, chequers_temple_overflow_minitemple,
          lemuel_round_altar, first_ration, serial_bayou_lagoon_a,
          minmay_pentomino_o4
D:3:      layout_rooms, chequers_ecumenical_altar_simple_redux
D:4:      layout_cave_pods, minmay_temple_entry_stoned_glass,
          uniq_crazy_yiuf_cottage
D:5:      layout_loops_ring, serial_shops, nicolae_shop_stone,
          minmay_misc_feat_iff
D:6:      layout_loops_ring, evilmike_ruin_ashenzari
D:7:      layout_loops_ring, minmay_misc_feat_pillars, grunt_livestock,
          uniq_menkaure
D:8:      layout_basic, kennysheep_mini, nicolae_overflow_crystal_walls,
          hex_tiny, uniq_erica
D:9:      layout_rooms, erik_lair_island, uniq_maurice
D:10:     layout_irregular_city, gammafunk_ghost_grave, serial_shops,
          nicolae_shop_statue_plus, fedhas_altar_3, uniq_harold, uniq_erolcha
D:11:     layout_small_grid, orc_0_dummy, serial_shops, kennysheep_little_box
D:12:     layout_roguey, enter_bailey_2
D:13:     evilmike_library_of_no_secrets, layout_basic,
          portal_ice_cave_entry_imps, serial_shops, nicolae_shop_behind_doors,
          minmay_misc_feat_nine_boxes
D:14:     layout_loops_ring, david_vaults_4, chequers_decorated_corner,
          uniq_jorgrun, uniq_frances
D:15:     grunt_enter_depths_giant_problem, layout_rooms, serial_shops,
          shop_fountains, gauntlet_entry_generic, minmay_misc_feat_alley,
          minmay_quadrilaterals
Temple:   minmay_temple_curvy_branch
Lair:1:   layout_roguey, gammafunk_ghost_cemetery, lemuel_oklob_altar,
          grunt_megastairs_4
Lair:2:   lemuel_ratsnest, layout_misc_corridors, guppyfry_snake_entry_garden,
          enter_volcano_2, beast_lair_carwin_9
Lair:3:   layout_loops_ring, beast_lair_carwin_10
Lair:4:   layout_roguey, swamp_mist
Lair:5:   minmay_guarded_unrand_snakebite, layout_hall_layers,
          nicolae_slime_entry_slimehenge, uniq_nessos
Lair:6:   gammafunk_lair_ancient_temple, layout_cave_pods
Swamp:1:  layout_basic_swamp, evilmike_swamp_ruin_house_5, swamp_pool1
Swamp:2:  layout_falls_marsh, evilmike_swamp_ruin_rubble_1
Swamp:3:  layout_basic_swamp, ebering_ghost_rock_garden, hangedman_swamp_blocks
Swamp:4:  swamp, layout_basic_swamp, swamp_pool2, nicolae_swamp_trees_clearing,
          nicolae_swamp_alligator_family
Snake:1:  layout_grid_maze, grunt_ministairs_8, uniq_roxanne, uniq_josephine
Snake:2:  layout_onion, drop_trap, grunt_megastairs_1, minmay_shoptagon,
          uniq_louise, uniq_azrael
Snake:3:  layout_gridlike, ebering_ghost_gozag, nicolae_snake_double_loop
Snake:4:  snake_pit, layout_gridlike
Orc:1:    layout_caves, basic_altar
Orc:2:    st_orc_mages, layout_caves, serial_shops, shop
Elf:1:    minmay_elf_arrival_plus, layout_geoelf_grid, minmay_elf_annihilation
Elf:2:    layout_onion_city, serial_shops, nicolae_shop_stone,
          gammafunk_ghost_wrathful_warriors
Elf:3:    minmay_elf_hall_dome, layout_geoelf_castle, grunt_megastairs_3
Vaults:1: ontoclasm_vaults_ring_large, vaults_room_grid,
          nicolae_vaults_little_squares_2, v_misc_24, st_star,
          vaults_room_stairs_pillars, nicolae_vaults_specimen_jars,
          vaults_mumra_minichess, nicolae_vaults_little_squares_3,
          layout_vaults_omnigrid
Vaults:2: hangedman_vaults_stream, st_eye, minmay_crypt_entry_nasty_monster,
          v_alt_pattern_1, v_misc_13, v_rooms_6, v_rooms_2,
          vaults_mumra_chevron_long, v_misc_2, grunt_vaults_twisty,
          v_alt_pattern_5, nicolae_vaults_theta,
          nicolae_vaults_ring_of_whatevers, layout_vaults_maze_bifur
Vaults:3: v_misc_3, nicolae_vaults_diagonal_hallway_7, hangedman_vaults_trim,
          vaults_mumra_lcd, v_alt_pattern_4, nicolae_vaults_ring_of_whatevers,
          ontoclasm_vaults_misaligned, nicolae_vaults_display_case,
          hangedman_vaults_corner, ontoclasm_vaults_decontamination,
          nicolae_vaults_hallways_thing, ontoclasm_vaults_eye,
          nicolae_vaults_windows_and_doors_thing, layout_vaults_ring,
          serial_glass
Vaults:4: nicolae_vaults_little_squares_3, hangedman_vaults_pinch,
          nicolae_vaults_network_barrier, vaults_room_fancy_cross,
          hangedman_vaults_stagger, v_misc_9, nicolae_vaults_little_ls,
          v_alt_pattern_1, v_pattern_4, vaults_room_large_hall,
          hangedman_vaults_river_flow, st_check, nicolae_vaults_gold_heap,
          layout_vaults_omnicross
Vaults:5: serial_shops
Crypt:1:  layout_rooms
Crypt:2:  layout_misc_corridors, uniq_mennas
Crypt:3:  grunt_crypt_end_deaths_head
Tomb:1
Tomb:2
Tomb:3
Zig:24:   ziggurat_pillar_abc, ziggurat_pillar_abc, ziggurat_pillar_abc,
          ziggurat_pillar_abc

Skill      XL: |  1  2  3  4  5  6  7  8  9 10 11 12 13 14 15 16 17 18 19 20 21 22 23 24 25 26 27 |
---------------+----------------------------------------------------------------------------------+-----
Conjurations   | 1 2 3 4 5 6 |  6.0
Fire Magic     | 1 2 3 4 5 |  5.0
Air Magic      | 1 2 3 4 5 27 | 27.0
Dodging        | 2 3 4 5 6 7 22 | 22.9
Armour         | 2 3 5 6 9 10 27 | 27.0
Fighting       | 2 3 5 6 9 10 25 | 25.4
Necromancy     | 2 3 4 6 9 11 12 13 15 17 18 19 | 19.0
Spellcasting   | 4 5 7 9 13 16 26 | 26.0
Charms         | 2 3 4 6 |  6.0
Ice Magic      | 2 3 8 11 21 | 21.6
Earth Magic    | 7 9 11 13 15 17 18 19 21 27 | 27.0
Shields        | 9 12 13 14 15 27 | 27.0
Transmutations | 3 7 8 10 13 15 17 19 | 19.0
Evocations     | 7 12 16 | 16.2
Stealth        | 27 | 27.0
Hexes          | 10 | 10.0
Summonings     | 10 | 10.0
Throwing       | 13 | 13.7
Translocations | |  0.8

Action                   |  1- 3 |  4- 6 |  7- 9 | 10-12 | 13-15 | 16-18 | 19-21 | 22-24 | 25-27 || total
-------------------------+-------+-------+-------+-------+-------+-------+-------+-------+-------++-------
Melee: Dagger            |    22 |       |       |       |       |       |       |       |       ||    22
       Club              |    10 |       |       |       |       |       |       |       |       ||    10
       Mace              |     2 |    25 |     2 |       |       |       |       |       |       ||    29
       Hunting sling     |       |     1 |       |       |       |       |       |       |       ||     1
       Scimitar          |       |       |       |   127 |     7 |       |       |       |       ||   134
       Quarterstaff      |       |       |       |   182 |   749 |   895 |   129 |       |     1 ||  1956
       Staff             |       |       |       |       |     4 |       |       |       |    36 ||    40
       Whip              |       |       |       |       |       |   394 |       |       |       ||   394
       Battleaxe         |       |       |       |       |       |       |   290 |   570 |   404 ||  1264
       Lance             |       |       |       |       |       |       |       |       |    23 ||    23
       Bite              |       |       |       |       |       |       |       |       |    17 ||    17
       Glaive            |       |       |       |       |       |       |       |       |     6 ||     6
 Fire: Hunting sling     |       |    54 |   213 |    89 |     4 |       |       |       |       ||   360
Throw: Boomerang         |     4 |     5 |       |       |       |       |       |       |       ||     9
       Dart              |       |    27 |    56 |    27 |       |       |       |       |       ||   110
       Javelin           |       |       |    20 |     6 |       |       |       |       |       ||    26
 Cast: Magic Dart        |   104 |    62 |    62 |    18 |    28 |       |       |       |       ||   274
       Mephitic Cloud    |       |     4 |    19 |    51 |    21 |    10 |     3 |     8 |       ||   116
       Conjure Flame     |       |     1 |    20 |    36 |    44 |    36 |       |     1 |       ||   138
       Vampiric Draining |       |       |     2 |    47 |    10 |    12 |     6 |       |       ||    77
       Borgnjor's Vile C |       |       |       |    17 |   102 |   156 |   143 |   233 |   226 ||   877
       Sublimation of Bl |       |       |       |     7 |    27 |    12 |    10 |    19 |     2 ||    77
       Dispel Undead     |       |       |       |     1 |    38 |    44 |     8 |    10 |    69 ||   170
       Ozocubu's Armour  |       |       |       |       |       |     6 |    16 |    22 |    58 ||   102
       Statue Form       |       |       |       |       |       |       |     8 |    13 |       ||    21
       Bolt of Magma     |       |       |       |       |       |       |       |     1 |       ||     1
       Necromutation     |       |       |       |       |       |       |       |     3 |   193 ||   196
       Shatter           |       |       |       |       |       |       |       |       |   382 ||   382
       Tornado           |       |       |       |       |       |       |       |       |   156 ||   156
       Darkness          |       |       |       |       |       |       |       |       |     3 ||     3
       Absolute Zero     |       |       |       |       |       |       |       |       |     3 ||     3
       Shroud of Golubri |       |       |       |       |       |       |       |       |     1 ||     1
Invok: Receive Necronomi |       |       |       |       |     1 |       |       |       |       ||     1
       Renounce Religion |       |       |       |       |     1 |       |       |       |       ||     1
       Potion Petition   |       |       |       |       |       |       |       |       |     9 ||     9
       Call Merchant     |       |       |       |       |       |       |       |       |    20 ||    20
 Abil: Dig               |     1 |     3 |     7 |    26 |    19 |     6 |     7 |     6 |     2 ||    77
       Shaft Self        |       |       |       |       |     4 |       |       |       |     2 ||     6
       End Transformatio |       |       |       |       |       |       |       |     1 |    19 ||    20
Evoke: Wand              |       |       |       |     2 |     2 |       |       |       |     6 ||    10
       Box of beasts     |       |       |       |       |     1 |       |       |       |       ||     1
       Staff of energy   |       |       |       |       |       |       |       |       |  1675 ||  1675
       Figurine of a zig |       |       |       |       |       |       |       |       |     3 ||     3
  Use: Scroll            |       |     4 |     2 |    11 |     9 |     8 |     7 |     2 |    93 ||   136
       Potion            |       |       |       |     4 |     5 |     1 |     1 |     2 |    40 ||    53
 Stab: Sleeping          |       |     1 |       |     1 |    12 |    10 |     3 |     2 |       ||    29
       Confused          |       |       |       |    11 |     5 |     6 |     2 |     6 |       ||    30
       Distracted        |       |       |       |       |     8 |    10 |     6 |    14 |     8 ||    46
       Invisible         |       |       |       |       |       |       |       |       |     3 ||     3
  Eat: Chunk             |     3 |     6 |    11 |    26 |    10 |       |       |       |       ||    56
       Ration            |       |     1 |       |       |    14 |    12 |     5 |     8 |    10 ||    50
Armor: Robe              |     9 |     5 |    32 |    30 |       |       |       |       |       ||    76
       Leather armour    |       |       |       |    79 |       |       |       |       |       ||    79
       Troll leather arm |       |       |       |    29 |   352 |   454 |   140 |   160 |   742 ||  1877
       Skin              |       |       |       |       |       |       |    46 |   141 |       ||   187
Dodge: Dodged            |    40 |    36 |    66 |   313 |   621 |  1056 |   355 |   475 |  1001 ||  3963
Block: Buckler           |       |       |       |       |    81 |       |       |       |       ||    81
       Kite shield       |       |       |       |       |   213 |  1270 |   371 |       |       ||  1854
       Tower shield      |       |       |       |       |       |       |   211 |  1000 |  2390 ||  3601
       Rpst.: Scimitar   |       |       |       |    24 |       |       |       |       |       ||    24
